 Dungeon Crawl Stone Soup version 0.30-a0-168-g0b976cbdc4 (webtiles) character file.

Game seed: 3898351834718497273

608037 qw the Slayer (level 27, 1/1 HPs)
             Began as a Gargoyle Fighter on Sept 29, 2022.
             Was an Elder of the Shining One.
             Quit the game on level 1 of the Tomb of the Ancients.
             The game lasted 00:44:48 (90253 turns).

qw the Slayer (Gargoyle Fighter)                   Turns: 90253, Time: 00:44:49

Health: 1/1        AC: 74    Str: 34 (38) XL:     27
Magic:  37/37      EV: 13    Int:  8      God:    the Shining One [****..]
Gold:   5277       SH: 20    Dex:  7 (12) Spells: 26/26 levels left

rFire   + + .      SeeInvis .    H - +9 broad axe (holy)
rCold   + . .      Faith    .    C - +0 tower shield
rNeg    + + +      Spirit   .    I - +12 gold dragon scales
rPois   inf        Reflect  .    a - +2 helmet
rElec   +          Harm     .    g - +2 cloak
rCorr   .          Rampage  .    o - +2 pair of gloves
Will    +++++                    w - +2 pair of boots
Stlth   ..........               F - amulet "Vumutt" {Contam rElec Will+++ Regen+ Dex+2}
HPRegen 0.80/turn                G - +4 ring of evasion
MPRegen 0.25/turn                M - +4 ring of slaying {mikee}

@: flying, glowing
A: sickness immunity, AC +20, big wings, negative energy resistance 1,
electricity resistance, torment resistance 1, petrification resistance, thin
skeletal structure 1, fire resistance 1, strong 1, wild magic 1
}: 3/15 runes: decaying, silver, gossamer
a: Renounce Religion, Divine Shield, Cleansing Flame


You were on level 1 of the Tomb of the Ancients.
You worshipped the Shining One.
The Shining One was greatly pleased with you.
You visited 10 branches of the dungeon, and saw 48 of its levels.

You collected 7422 gold pieces.
You spent 2145 gold pieces at shops.


Innate Abilities, Weirdness & Mutations

You are immune to sickness and miasma.
Your stone body is resilient. (AC +20)
You are immune to poison.
Your large and strong wings let you fly.
You resist negative energy. (rN+)
You are resistant to electric shocks. (rElec)
You are resistant to unholy torment.
You are immune to petrification.
You have a somewhat thin skeletal structure. (Dex +2, Stealth+)
Your flesh is heat resistant. (rF+)
Your muscles are strong. (Str +4, Int/Dex -1)
Your spells are a little harder to cast, but a little more powerful.


   Skills:
 - Level 25.7 Fighting
 - Level 18.0 Axes
 - Level 15.0 Throwing
 - Level 23.8 Armour
 - Level 9.0 Dodging
 - Level 22.0 Shields
 + Level 21.4 Invocations


You had 26 spell levels left.
You didn't know any spells.
Your spell library was empty.

Inventory:

Hand Weapons
 u - the +7 broad axe "Lintezxe" {vorpal, rC+}
   (You found it on level 2 of the Tomb of the Ancients)

   It inflicts extra damage upon your enemies.
   rC:        It protects you from cold.
 H - a +9 broad axe of holy wrath (weapon)
 O - the +7 war axe "Wudwes" {spect, *Noise rPois rF++ rCorr}
   (You found it on level 5 of the Vaults)

   When its wielder attacks, the weapon's spirit leaps out and strikes again.
   The spirit shares a part of any damage it takes with its wielder.
   rF:        It greatly protects you from fire.
   rPois:     It protects you from poison.
   *Noise:    It may make noises in combat.
   rCorr:     It protects you from acid and corrosion.
Missiles
 q - 16 boomerangs
 B - 7 javelins (quivered)
 K - 9 boomerangs of dispersal
Armour
 a - a +2 helmet (worn)
 c - a +1 cloak of willpower
 g - a +2 cloak (worn)
 h - a scarf of resistance
 i - the +1 hat "Plog" {rF+}
   (Okawaru gifted it to you on level 4 of the Depths)

   rF:        It protects you from fire.
 o - a +2 pair of gloves (worn)
 v - the +1 pair of boots "Ymesk" {-Tele rC++ Dex+4 Slay+2}
   (You found it on level 4 of the Spider Nest)

   Dex:       It affects your dexterity (+4).
   Slay:      It affects your accuracy & damage with ranged weapons and melee
   (+2).
   rC:        It greatly protects you from cold.
   -Tele:     It prevents most forms of teleportation.
 w - a +2 pair of boots (worn)
 C - a +0 tower shield (worn)
 D - the +1 cloak "Xaam" {rPois rCorr}
   (Okawaru gifted it to you on level 4 of the Swamp)

   rPois:     It protects you from poison.
   rCorr:     It protects you from acid and corrosion.
 I - +12 gold dragon scales (worn)
Jewellery
 b - a ring of protection from fire
 j - a ring of protection from cold
 n - the amulet of Bugadula {rPois Regen+ rCorr Stlth+}
   (You found it on level 3 of the Crypt)

   [amulet of regeneration]

   rPois:     It protects you from poison.
   Regen:     It increases your rate of health regeneration.
   rCorr:     It protects you from acid and corrosion.
   Stlth:     It makes you more stealthy.
 t - the ring "Vuicubao" {rPois rF+ Str-5 Int+4 Dex+6}
   (You found it on level 1 of the Lair of Beasts)

   [ring of dexterity]

   Str:       It affects your strength (-5).
   Int:       It affects your intelligence (+4).
   Dex:       It affects your dexterity (+6).
   rF:        It protects you from fire.
   rPois:     It protects you from poison.
 F - the amulet "Vumutt" (around neck) {Contam rElec Will+++ Regen+ Dex+2}
   (You took it off a vampire knight on level 1 of the Depths)

   [amulet of regeneration]

   Dex:       It affects your dexterity (+2).
   rElec:     It insulates you from electricity.
   Contam:    It causes magical contamination when unequipped.
   Regen:     It increases your rate of health regeneration.
   Will:      It greatly increases your willpower.
 G - a +4 ring of evasion (left hand)
 J - the amulet of Ybaunwin {rF+ Regen+ Str+3 Int+2}
   (You found it on level 1 of the Depths)

   [amulet of regeneration]

   Str:       It affects your strength (+3).
   Int:       It affects your intelligence (+2).
   rF:        It protects you from fire.
   Regen:     It increases your rate of health regeneration.
 M - a +4 ring of slaying (right hand) {mikee}
 N - the ring of Sunlight {rC+ Dex+4}
   (You found it on level 5 of the Vaults)

   [ring of protection from cold]

   Dex:       It affects your dexterity (+4).
   rC:        It protects you from cold.
 Y - the ring of Vattehuq {Ice Str+5}
   (You took it off Josephina on level 2 of the Depths)

   [ring of ice]

   It enhances your ice magic.
   Str:       It affects your strength (+5).
   rF:        It makes you vulnerable to fire.
   rC:        It protects you from cold.
Wands
 E - a wand of digging (18)
Scrolls
 f - 2 scrolls of enchant weapon
 m - 24 scrolls of identify
 y - 26 scrolls of teleportation
Potions
 d - 9 potions of might
 e - 21 potions of heal wounds
 k - 5 potions of mutation
 l - 25 potions of curing
 p - 4 potions of lignification
 r - 5 potions of attraction
 s - 4 potions of haste
 x - 5 potions of magic
 A - 2 potions of cancellation

Dungeon Overview and Level Annotations

Branches:
Dungeon (15/15)            Temple (0/1) D:5            Lair (5/5) D:10
  Swamp (4/4) Lair:2       Spider (4/4) Lair:2        Slime (0/5) Lair:5
    Orc (2/2) D:9             Elf (0/3) Orc:2        Vaults (5/5) D:14
  Crypt (3/3) Vaults:2       Tomb (2/3) Crypt:3      Depths (4/4) D:15
    Zot (4/5) Depths:4

Altars:
Ashenzari
Dithmenos
Fedhas
Kikubaaqudgha
Makhleb
Nemelex Xobeh
Okawaru
Ru
Sif Muna
Vehumet
Wu Jian
Xom
The Shining One
Lugonu

Shops:
D:4 *   D:14 [   D:15 (   Orc:2 (*:*=   Depths:2 [

Portals:
Hell: Depths:1 Depths:2 Depths:3 Depths:4
Abyss: Depths:3
Pandemonium: Orc:2 Depths:2 Depths:3
Ziggurat: Depths:3

Annotations:
D:5 1 runed translucent door, Crazy Yiuf
Lair:5 3 runed translucent doors, qw's ghost, journeyman GrFi
Spider:1 2 runed translucent doors, qw's ghost, adept GrFi
Spider:3 3 runed translucent doors, Beorghan's ghost, adept MiBe; Bewnofeo's ghost, adept GrFi; Detar's ghost, adept HOFi; qw's ghost, adept GrFi
Vaults:3 2 transporters, Forgeling's ghost, adept FeEn
Depths:1 1 runed translucent door
Depths:2 1 transporter


Message History

Done exploring.
Done exploring.
You become entangled in the net!
There is a net trap, spattered with blood here.
You see here a throwing net.
Done exploring.
Done exploring.
You struggle against the net.
You struggle against the net.
You struggle against the net.
You struggle against the net.
You shred the net and break free! Zot has nearly found you.
Suffering is imminent.
Descend or flee this branch!
Done exploring.
Done exploring.
There is a one-way staircase leading down here.
Done exploring.
Done exploring.
You become entangled in the net!
There is a net trap, spattered with blood here.
You see here a throwing net.
Done exploring.
Done exploring.
You struggle against the net.
You tear a large gash into the net.
You rip the net and break free!
There is a one-way staircase leading down here.
Done exploring.
Done exploring.
You become entangled in the net!
There is a net trap, spattered with blood here.
You see here a throwing net.
Done exploring.
Done exploring.
You struggle against the net.
You struggle against the net.
You struggle against the net.
You rip the net and break free!
Zot's power touches on you...
Are you sure you want to abandon this character and quit the game? (Confirm with "yes".)

######.8...8.##################..
...^##.......##^...........^.##..
....##......?##.^............##..
##..##.8...8.##.^##########^.##..
.#..##.......##..#.^......#..##..
.#..##.......##..#........#.^##..
.#..##.8...8.##..#..####..#..##..
.#..##.......##..#..#.>#..#..##..
.#..##.......##.@#....##..#.)##..
##.^##.8...8.##..#######..#^.##..
....##.......##....^......#..##..
....###'''''###...........#..##..
######.....).##############..##..
.............)............#..##..
##...............#######..#^.##..
##...............##^.^##..#..##..
.#...............#..A..#..#..##..


There were no monsters in sight!

Vanquished Creatures
  A dread lich (Vaults:5)
  Mara (Vaults:2)
  An ancient lich (Crypt:3)
  A juggernaut (Depths:4)
  15 royal mummies
  Josephina (Depths:2)
  Boris (Crypt:2)
  Parghit (Depths:3)
  2 Killer Klowns (Zot:4)
  Margery (Crypt:3)
  Vv (Crypt:2)
  A curse toe (Zot:2)
  7 caustic shrikes (Depths:3)
  Frederick (Depths:3)
  Xtahua (Depths:3)
  8 golden dragons
  2 bone dragons
  8 electric golems
  A walking crystal tome (Depths:3)
  20 tentacled monstrosities
  Rupert (D:13)
  Zenata (Crypt:3)
  6 liches
  A shard shrike skeleton (Crypt:3)
  5 quicksilver dragons
  5 deep elf blademasters
  A walking earthen tome (Depths:3)
  6 deep elf master archers
  3 walking divine tomes
  18 titans
  4 death cobs
  9 ancient champions
  10 sphinxes
  5 shadow dragons
  2 thorn hunters (Swamp:4)
  Kirke (Lair:5)
  3 revenants
  Donald (Swamp:1)
  12 storm dragons
  8 tengu reavers
  A fire giant (shapeshifter) (Vaults:5)
  10 draconian knights
  4 draconian monks
  6 fenstrider witches (Swamp:4)
  21 frost giants
  2 deep elf sorcerers
  8 draconian scorchers
  5 draconian shifters
  18 fire giants
  4 emperor scorpions
  Louise (D:13)
  11 ghost moths
  3 iron dragons
  2 curse skulls (Crypt:1)
  14 vault wardens
  6 orc warlords
  A caustic shrike zombie (Crypt:3)
  8 war gargoyles
  7 draconian annihilators
  7 broodmothers
  7 draconian stormcallers
  20 very ugly things
  5 ironbound thunderhulks
  4 ghouls
  3 spriggan defenders (Depths:3)
  17 ironbound preservers
  A deep elf demonologist (Vaults:5)
  16 vampire knights
  11 green draconians
  28 stone giants
  9 eleionomae
  3 bennus (Tomb:2)
  4 red draconians
  11 black draconians
  6 spark wasps
  7 dire elephants
  4 bunyips (Swamp:3)
  14 white draconians
  16 purple draconians
  A spectral titan (Crypt:2)
  16 ettins
  11 yellow draconians
  A blizzard demon (Swamp:4)
  Snorg (D:12)
  A spectral quicksilver dragon (Crypt:2)
  5 crystal guardians
  A green death (Swamp:4)
  9 mummy priests
  2 eidola (Crypt:1)
  14 fire dragons
  4 deep elf death magi
  A deep elf high priest (Vaults:4)
  8 entropy weavers
  8 great orbs of eyes
  18 jiangshi
  11 yaktaur captains
  11 ice dragons
  2 shambling mangroves (Swamp:4)
  2 spriggan zombies
  3 fenstrider witch zombies
  3 peacekeepers
  2 rakshasas
  31 vault guards
  A hell beast (Crypt:1)
  A spectral fenstrider witch (Crypt:2)
  6 spriggan air magi
  15 centaur warriors
  A caustic shrike simulacrum (Depths:2)
  5 jorogumos
  13 ironbound frosthearts
  12 hydras
  5 ogre magi
  3 radroaches
  2 anacondas (shapeshifter)
  5 alligators
  4 ghost crabs
  2 demonspawn (Orc:2)
  6 boulder beetles
  5 dancing weapons (Crypt:3)
  20 death scarabs
  A catoblepas (Lair:1)
  2 death knights (Crypt:1)
  13 two-headed ogres
  6 death yaks
  11 deep troll earth magi
  6 spriggan berserkers
  7 tengu warriors
  8 vampire magi
  8 deep troll shamans
  7 orc high priests
  3 spectral nagas (Crypt:2)
  10 deep elf knights
  Urug (D:11)
  Amaemon (Lair:2)
  3 sixfirhies (Swamp:4)
  6 pharaoh ants
  A shadow wraith (Crypt:2)
  11 hell knights (Crypt:3)
  An emperor scorpion zombie (Crypt:2)
  26 skeletal warriors
  5 steelbarb worms
  62 deep trolls
  9 iron trolls
  A sea snake (shapeshifter) (Depths:3)
  6 spriggan druids
  A bunyip zombie (Crypt:2)
  A goliath frog (shapeshifter) (Vaults:4)
  5 goliath frogs
  A golden dragon zombie (Crypt:3)
  A steelbarb worm (shapeshifter) (Depths:3)
  4 sun moths
  2 death drakes (Swamp:4)
  2 bog bodies (Lair:2)
  3 glowing orange brains
  A tengu zombie (Crypt:1)
  An anaconda zombie (Crypt:2)
  10 lindwurms
  4 swamp dragons
  An obsidian statue (Crypt:2)
  A bunyip skeleton (Crypt:3)
  Pikel (D:7)
  A harpy (shapeshifter) (D:14)
  A golden dragon skeleton (Crypt:2)
  15 orb spiders
  3 flayed ghosts
  14 deep elf archers
  15 ironbound convokers
  14 phantasmal warriors
  14 wizards
  11 necromancers
  14 deep elf pyromancers
  A shadow dragon skeleton (Depths:1)
  An iron dragon zombie (Crypt:1)
  An anaconda skeleton (Crypt:1)
  A frost giant zombie (Depths:1)
  4 oklob plants (Lair:5)
  17 deep elf zephyrmancers
  3 stone giant zombies
  10 will-o-the-wisps
  20 orc knights
  10 orc sorcerers
  4 cyclopes
  21 wolf spiders
  A manticore (D:15)
  A cyclops (shapeshifter) (D:13)
  27 moths of wrath
  A salamander (shapeshifter) (D:15)
  A sphinx skeleton (Depths:1)
  38 ugly things
  A spectral centaur (Crypt:2)
  11 elephants
  A goliath frog skeleton (Crypt:1)
  A spectral fire dragon (Crypt:2)
  2 centaur zombies
  A guardian serpent (shapeshifter) (Vaults:5)
  A rust devil (Crypt:1)
  20 vault sentinels
  4 molten gargoyles
  7 torpor snails
  6 black mambas
  2 gargoyles
  5 orange demons
  A centaur skeleton (Crypt:1)
  15 cane toads
  6 freezing wraiths
  An orb spider zombie (Crypt:2)
  20 yaktaurs
  An efreet (D:13)
  2 dire elephant skeletons (Crypt:3)
  6 hellwings
  3 rime drakes
  5 demonic crawlers
  3 naga skeletons
  13 komodo dragons
  A minotaur skeleton (Crypt:2)
  2 spectral harpies (Crypt:2)
  5 tengu conjurers
  A spark wasp simulacrum (Depths:2)
  A red draconian skeleton (Crypt:2)
  10 trolls
  A polar bear (Lair:5)
  A bloated husk (Swamp:1)
  26 guardian mummies
  17 hornets
  A death drake skeleton (Crypt:1)
  2 sphinx simulacra (Depths:2)
  19 blink frogs
  21 tarantellas
  5 tyrant leeches
  A culicivora zombie (Crypt:1)
  46 slime creatures
  An iron dragon simulacrum (Depths:2)
  A fire dragon zombie (Crypt:3)
  A spectral black mamba (Crypt:2)
  64 flying skulls
  2 shadows (D:9)
  29 jumping spiders
  A centaur simulacrum (Crypt:1)
  A guardian serpent skeleton (Crypt:1)
  An ice dragon skeleton (Crypt:2)
  17 spriggans
  A vampire (D:9)
  9 wraiths
  19 culicivoras
  A spriggan (shapeshifter) (D:13)
  14 wyverns
  Eustachio (D:5)
  61 yaks
  5 hogs (Lair:5)
  17 humans
  4 water elementals
  3 fire bats (Orc:1)
  A neqoxec (Swamp:4)
  10 ushabtiu (Tomb:2)
  Grum (Lair:1)
  13 basilisks
  2 chaos spawn
  2 steam dragons
  53 redbacks
  8 vampire mosquitoes
  A merfolk zombie (Crypt:2)
  2 two-headed ogre zombies (D:9)
  4 wargs
  2 naga zombies
  A glowing shapeshifter zombie (Crypt:1)
  10 swamp worms
  15 water moccasins
  5 hell hounds (Lair:5)
  4 black bears
  A sky beast (D:8)
  4 ice beasts
  A swamp drake (Swamp:4)
  A fire dragon simulacrum (Crypt:1)
  41 orc warriors
  A spriggan simulacrum (Depths:1)
  A boggart (shapeshifter) (Depths:3)
  A snapping turtle zombie (Crypt:2)
  4 wolves
  8 ogres
  15 centaurs
  2 lemures (D:7)
  3 phantoms
  A hog skeleton (Crypt:1)
  2 kobold brigands
  8 bullfrogs
  A gnoll sergeant (D:9)
  3 scorpions
  4 necrophages
  8 wights
  24 killer bees
  13 electric eels
  4 spriggan skeletons
  7 howler monkeys
  4 crimson imps (D:5)
  7 lava snakes
  6 hounds
  7 iron imps (Crypt:1)
  A human zombie (Crypt:2)
  21 orc priests
  A gnoll bouda (Orc:1)
  5 jellies
  14 orc wizards
  Ijyb (D:4)
  5 iguanas (D:5)
  6 ogre zombies (D:9)
  A tengu skeleton (Crypt:1)
  41 mummies
  24 gnolls
  11 adders
  A white imp (D:7)
  A worm (D:4)
  3 dart slugs
  72 orcs
  9 ball pythons
  6 endoplasms
  3 giant cockroaches
  4 goblins
  11 hobgoblins
  4 jackals (D:3)
  3 bats
  8 frilled lizards
  A frilled lizard zombie (Crypt:2)
  A goblin skeleton (D:9)
  A goblin zombie (D:9)
  2 hobgoblin skeletons (D:9)
  8 hobgoblin zombies (D:9)
  15 kobolds
  2 orc skeletons (D:9)
  12 orc zombies
  7 rats
  2 bushes
  A butterfly (Lair:3)
  A fire vortex (D:15)
2468 creatures vanquished.

Vanquished Creatures (collateral kills)
  9 royal mummies
  A deep elf blademaster (Crypt:2)
  2 frost giants
  A fire giant (Crypt:2)
  A spectral caustic shrike (Crypt:2)
  A bennu (Tomb:2)
  A black draconian (Tomb:1)
  A mummy priest (Tomb:1)
  A spectral spriggan (Crypt:2)
  2 spectral anacondas (Crypt:2)
  A deep elf archer (Crypt:2)
  A phantasmal warrior (Crypt:2)
  A centaur skeleton (Tomb:2)
  A spectral centaur (Crypt:2)
  5 guardian mummies
  A flying skull (Tomb:2)
  4 ushabtiu
  9 mummies
43 creatures vanquished.

Vanquished Creatures (others)
  A fenstrider witch (Swamp:4)
  A storm dragon (Depths:4)
  A white draconian (Tomb:1)
  A deep elf pyromancer (Vaults:4)
  An ugly thing (Vaults:2)
  A tengu conjurer (Depths:2)
  A bloated husk (Swamp:3)
  A jumping spider (Spider:2)
  A swamp worm (Swamp:3)
  An electric eel (D:15)
  A gnoll (Orc:1)
  39 foxfires
  31 fungi
  45 plants
  A withered plant (D:7)
127 creatures vanquished.

Grand Total: 2638 creatures vanquished

Notes
Turn   | Place    | Note
-------+----------+-------------------------------------------
     0 | D:1      | qw the Gargoyle Fighter began the quest for the Orb.
     0 | D:1      | Reached XP level 1. HP: 14/14 MP: 1/1
     0 | D:1      | 0 ||| qw: Version: 0.2-a-12-gaebbb33
     0 | D:1      | 0 ||| qw: Game counter: 1201
     0 | D:1      | 0 ||| qw: Always use a shield: true
     0 | D:1      | 0 ||| qw: God list: Okawaru
     0 | D:1      | 0 ||| qw: Allow faded altars: false
     0 | D:1      | 0 ||| qw: Do Orc after D:15 true
     0 | D:1      | 0 ||| qw: Do second Lair branch before Depths: true
     0 | D:1      | 0 ||| qw: Lair rune preference: random
     0 | D:1      | 0 ||| qw: Plans: Normal, Zot:1-4, God:TSO, Crypt, Tomb,
                  | Pan, Slime:5, Hells, Abyss, Orb
     0 | D:1      | 0 ||| PLANNING D:1-11
   566 | D:1      | Reached XP level 2. HP: 19/19 MP: 2/2
   914 | D:1      | 914 ||| Stepping ~*~*~tactically~*~*~ (stealth).
  1038 | D:1      | 1038 ||| UPGRADING to +0 chain mail.
  1048 | D:1      | 1048 ||| DROPPING +0 scale mail.
  1049 | D:1      | 1049 ||| UPGRADING to +0 pair of gloves.
  1054 | D:1      | 1054 ||| UPGRADING to ring of protection from cold.
  1055 | D:1      | 1055 ||| READING scroll labelled POSTIWISEW.
  1056 | D:1      | 1056 ||| READING scroll labelled GIG BEDIECO.
  1057 | D:1      | 1057 ||| READING scroll labelled FEDIOZA DUFOCU.
  1058 | D:1      | 1058 ||| DRINKING 2 glowing cyan potions.
  1059 | D:1      | 1059 ||| DROPPING potion of flight.
  1113 | D:2      | Reached skill level 3 in Axes
  1113 | D:2      | Reached XP level 3. HP: 18/23 MP: 3/3
  1173 | D:2      | 1173 ||| Stepping ~*~*~tactically~*~*~ (stealth).
  1196 | D:2      | 1196 ||| Stepping ~*~*~tactically~*~*~ (stealth).
  1288 | D:2      | 1288 ||| Stepping ~*~*~tactically~*~*~ (stealth).
  1313 | D:2      | 1313 ||| Stepping ~*~*~tactically~*~*~ (stealth).
  1336 | D:2      | 1336 ||| READING scroll of enchant weapon.
  1336 | D:2      | 1336 ||| ENCHANTING +1 war axe.
  1439 | D:2      | 1439 ||| Stepping ~*~*~tactically~*~*~ (stealth).
  1440 | D:2      | 1440 ||| Stepping ~*~*~tactically~*~*~ (stealth).
  1640 | D:2      | Found a faded altar of an unknown god.
  1766 | D:2      | 1766 ||| UPGRADING to +0 helmet.
  1771 | D:2      | 1771 ||| UPGRADING to +6 ring of strength.
  1772 | D:2      | 1772 ||| DRINKING 2 purple potions.
  1981 | D:3      | 1981 ||| DROPPING +0 mace.
  2133 | D:3      | Found an iron altar of Okawaru.
  2134 | D:3      | 2134 ||| PLANNING OKAWARU WORSHIP
  2134 | D:3      | 2134 ||| READING scroll labelled NUMIUL FOIHAJUMIPO.
  2146 | D:3      | Reached XP level 4. HP: 28/28 MP: 4/4
  2149 | D:3      | Became a worshipper of Warmaster Okawaru
  2150 | D:3      | 2150 ||| PLANNING D:1-11
  2212 | D:3      | 2212 ||| Stepping ~*~*~tactically~*~*~ (hiding).
  2286 | D:3      | 2286 ||| FLEEEEING.
  2287 | D:3      | 2287 ||| FLEEEEING.
  2288 | D:3      | 2288 ||| FLEEEEING.
  2296 | D:3      | 2296 ||| FLEEEEING.
  2297 | D:3      | 2297 ||| FLEEEEING.
  2298 | D:3      | 2298 ||| FLEEEEING.
  2299 | D:3      | 2299 ||| FLEEEEING.
  2301 | D:3      | 2301 ||| FLEEEEING.
  2302 | D:3      | 2302 ||| FLEEEEING.
  2303 | D:3      | 2303 ||| FLEEEEING.
  2304 | D:3      | 2304 ||| FLEEEEING.
  2309 | D:3      | 2309 ||| FLEEEEING.
  2310 | D:3      | 2310 ||| FLEEEEING.
  2311 | D:3      | 2311 ||| FLEEEEING.
  2312 | D:3      | 2312 ||| FLEEEEING.
  2313 | D:3      | 2313 ||| FLEEEEING.
  2314 | D:3      | 2314 ||| FLEEEEING.
  2315 | D:3      | 2315 ||| FLEEEEING.
  2316 | D:3      | 2316 ||| FLEEEEING.
  2317 | D:3      | 2317 ||| FLEEEEING.
  2318 | D:3      | 2318 ||| FLEEEEING.
  2321 | D:3      | 2321 ||| FLEEEEING.
  2322 | D:3      | 2322 ||| FLEEEEING.
  2323 | D:3      | 2323 ||| FLEEEEING.
  2324 | D:3      | 2324 ||| FLEEEEING.
  2325 | D:3      | 2325 ||| FLEEEEING.
  2326 | D:3      | 2326 ||| FLEEEEING.
  2327 | D:3      | 2327 ||| FLEEEEING.
  2328 | D:3      | 2328 ||| FLEEEEING.
  2329 | D:3      | 2329 ||| FLEEEEING.
  2330 | D:3      | 2330 ||| FLEEEEING.
  2332 | D:3      | 2332 ||| FLEEEEING.
  2333 | D:3      | 2333 ||| FLEEEEING.
  2334 | D:3      | 2334 ||| FLEEEEING.
  2336 | D:3      | 2336 ||| FLEEEEING.
  2339 | D:3      | 2339 ||| FLEEEEING.
  2340 | D:3      | 2340 ||| FLEEEEING.
  2341 | D:3      | 2341 ||| FLEEEEING.
  2342 | D:3      | 2342 ||| FLEEEEING.
  2343 | D:3      | 2343 ||| FLEEEEING.
  2344 | D:3      | 2344 ||| FLEEEEING.
  2354 | D:3      | Reached XP level 5. HP: 21/32 MP: 5/5
  2752 | D:3      | 2752 ||| DROPPING +1 mace of holy wrath.
  2758 | D:3      | 2758 ||| READING scroll labelled HIKLOW IGYUTO.
  2759 | D:3      | 2759 ||| READING scroll labelled NYACAK YMEROAM.
  2760 | D:3      | 2760 ||| DRINKING 2 yellow potions.
  2971 | D:4      | 2971 ||| Stepping ~*~*~tactically~*~*~ (stealth).
  2972 | D:4      | 2972 ||| Stepping ~*~*~tactically~*~*~ (stealth).
  2973 | D:4      | 2973 ||| Stepping ~*~*~tactically~*~*~ (stealth).
  2981 | D:4      | 2981 ||| Stepping ~*~*~tactically~*~*~ (stealth).
  2988 | D:4      | Reached XP level 6. HP: 38/38 MP: 6/6
  2995 | D:4      | Reached skill level 4 in Fighting
  3244 | D:4      | Reached * piety under Okawaru
  3245 | D:4      | Found Huuc's General Store.
  3253 | D:4      | 3253 ||| INVOKING Heroism.
  3263 | D:4      | 3263 ||| INVOKING Heroism.
  3266 | D:4      | 3266 ||| Stepping ~*~*~tactically~*~*~ (stealth).
  3267 | D:4      | 3267 ||| Stepping ~*~*~tactically~*~*~ (stealth).
  3298 | D:4      | Reached skill level 6 in Axes
  3304 | D:4      | 3304 ||| BUYING potion of curing (42 gold).
  3304 | D:4      | Bought a potion of curing for 42 gold pieces
  3304 | D:4      | 3304 ||| BUYING potion of haste (140 gold).
  3304 | D:4      | Bought a potion of haste for 140 gold pieces
  3304 | D:4      | 3304 ||| SHOPLISTING potion of mutation (112 gold, have
                  | 74).
  3304 | D:4      | 3304 ||| SHOPLISTING ring "Soenifed" {EV+4 Dex+4 Slay-5}
                  | (504 gold, have 74).
  3304 | D:4      | 3304 ||| Stepping ~*~*~tactically~*~*~ (stealth).
  3305 | D:4      | 3305 ||| Stepping ~*~*~tactically~*~*~ (stealth).
  3341 | D:4      | 3341 ||| Stepping ~*~*~tactically~*~*~ (stealth).
  3393 | D:4      | 3393 ||| Stepping ~*~*~tactically~*~*~ (hiding).
  3505 | D:4      | 3505 ||| Stepping ~*~*~tactically~*~*~ (stealth).
  3510 | D:4      | 3510 ||| INVOKING Heroism.
  3516 | D:4      | Reached skill level 1 in Invocations
  3516 | D:4      | Reached XP level 7. HP: 39/43 MP: 4/8
  3524 | D:4      | 3524 ||| Stepping ~*~*~tactically~*~*~ (stealth).
  3529 | D:4      | 3529 ||| FLEEEEING.
  3530 | D:4      | 3530 ||| FLEEEEING.
  3531 | D:4      | 3531 ||| FLEEEEING.
  3532 | D:4      | 3532 ||| Stepping ~*~*~tactically~*~*~ (stealth).
  3533 | D:4      | 3533 ||| Stepping ~*~*~tactically~*~*~ (stealth).
  3552 | D:4      | 3552 ||| Stepping ~*~*~tactically~*~*~ (stealth).
  3586 | D:4      | 3586 ||| Stepping ~*~*~tactically~*~*~ (stealth).
  3670 | D:4      | Reached skill level 1 in Dodging
  3782 | D:4      | Noticed Ijyb
  3783 | D:4      | 3783 ||| INVOKING Heroism.
  3789 | D:4      | Killed Ijyb
  3994 | D:4      | 3994 ||| INVOKING Heroism.
  4086 | D:4      | 4086 ||| UPGRADING to +2 pair of boots.
  4091 | D:4      | 4091 ||| READING 2 scrolls labelled HANTAG YDWA.
  4092 | D:4      | 4092 ||| READING scroll labelled DUENNO SAMEMI.
  4095 | D:4      | 4095 ||| READING scroll labelled QIG HEMPOIDD.
  4096 | D:4      | 4096 ||| READING 2 scrolls of identify.
  4096 | D:4      | 4096 ||| IDENTIFYING fizzy inky potion
  4097 | D:4      | 4097 ||| DROPPING potion of ambrosia.
  4098 | D:4      | 4098 ||| DROPPING scroll of poison.
  4110 | D:5      | Entered Level 5 of the Dungeon
  4111 | D:5      | 4111 ||| Stepping ~*~*~tactically~*~*~ (hiding).
  4224 | D:5      | 4224 ||| INVOKING Heroism.
  4276 | D:5      | Reached skill level 3 in Invocations
  4287 | D:5      | Noticed Eustachio
  4288 | D:5      | 4288 ||| INVOKING Heroism.
  4290 | D:5      | Noticed a wraith
  4297 | D:5      | 4297 ||| Stepping ~*~*~tactically~*~*~ (stealth).
  4299 | D:5      | 4299 ||| Stepping ~*~*~tactically~*~*~ (stealth).
  4304 | D:5      | 4304 ||| INVOKING Heroism.
  4319 | D:5      | 4319 ||| INVOKING Heroism.
  4324 | D:5      | Reached XP level 8. HP: 44/48 MP: 6/11
  4336 | D:5      | Killed a wraith
  4336 | D:5      | Reached ** piety under Okawaru
  4337 | D:5      | Reached skill level 5 in Fighting
  4338 | D:5      | 4338 ||| INVOKING Heroism.
  4357 | D:5      | Killed Eustachio
  4426 | D:5      | 4426 ||| FLEEEEING.
  4427 | D:5      | 4427 ||| STAIRDANCE
  4496 | D:5      | 4496 ||| Stepping ~*~*~tactically~*~*~ (stealth).
  4498 | D:5      | 4498 ||| Stepping ~*~*~tactically~*~*~ (stealth).
  4499 | D:5      | 4499 ||| Stepping ~*~*~tactically~*~*~ (stealth).
  4500 | D:5      | 4500 ||| Stepping ~*~*~tactically~*~*~ (stealth).
  4501 | D:5      | 4501 ||| Stepping ~*~*~tactically~*~*~ (stealth).
  4512 | D:5      | Reached skill level 1 in Throwing
  4712 | D:5      | Found a shimmering altar of Xom.
  4724 | D:5      | 4724 ||| Stepping ~*~*~tactically~*~*~ (stealth).
  4726 | D:5      | 4726 ||| Stepping ~*~*~tactically~*~*~ (stealth).
  4775 | D:5      | 4775 ||| Stepping ~*~*~tactically~*~*~ (stealth).
  4869 | D:5      | Found a staircase to the Ecumenical Temple.
  5026 | D:5      | 5026 ||| Stepping ~*~*~tactically~*~*~ (stealth).
  5027 | D:5      | 5027 ||| Stepping ~*~*~tactically~*~*~ (stealth).
  5058 | D:5      | Found a runed translucent door.
  5059 | D:5      | Noticed Crazy Yiuf
  5196 | D:5      | 5196 ||| DROPPING ring of wizardry.
  5197 | D:5      | 5197 ||| READING scroll labelled JAZUTZ OVVAOVE.
  5198 | D:5      | 5198 ||| READING 3 scrolls of identify.
  5198 | D:5      | 5198 ||| IDENTIFYING fizzy brown potion
  5199 | D:5      | 5199 ||| READING 2 scrolls of identify.
  5199 | D:5      | 5199 ||| IDENTIFYING glowing coppery potion
  5200 | D:5      | 5200 ||| DROPPING potion of brilliance.
  5252 | D:6      | 5252 ||| Stepping ~*~*~tactically~*~*~ (stealth).
  5257 | D:6      | Reached XP level 9. HP: 54/54 MP: 12/12
  5261 | D:6      | Found a shimmering blue altar of Sif Muna.
  5271 | D:6      | Found a burning altar of Makhleb.
  5273 | D:6      | Found a glowing golden altar of the Shining One.
  5343 | D:6      | Reached skill level 6 in Fighting
  5408 | D:6      | 5408 ||| Stepping ~*~*~tactically~*~*~ (stealth).
  5411 | D:6      | Reached *** piety under Okawaru
  5425 | D:6      | 5425 ||| INVOKING Heroism.
  5588 | D:6      | 5588 ||| Stepping ~*~*~tactically~*~*~ (stealth).
  5589 | D:6      | 5589 ||| DROPPING +0 flail.
  5597 | D:6      | Reached skill level 9 in Axes
  5628 | D:6      | 5628 ||| Stepping ~*~*~tactically~*~*~ (stealth).
  5672 | D:6      | 5672 ||| INVOKING Heroism.
  5695 | D:6      | 5695 ||| READING scroll of enchant armour.
  5695 | D:6      | 5695 ||| ENCHANTING +0 pair of gloves.
  5701 | D:6      | 5701 ||| INVOKING Heroism.
  5901 | D:6      | 5901 ||| UPGRADING to +0 plate armour.
  5911 | D:6      | 5911 ||| DROPPING +0 chain mail.
  5912 | D:6      | 5912 ||| READING scroll labelled ZAMAYTW ZUET.
  5913 | D:6      | 5913 ||| DRINKING 2 pink potions.
  5913 | D:6      | Gained mutation: Your muscles are strong. (Str +4, Int/Dex
                  | -1) [potion of mutation]
  5913 | D:6      | Gained mutation: Your spells are a little harder to cast,
                  | but a little more powerful. [potion of mutation]
  5913 | D:6      | Gained mutation: Your flesh is heat resistant. (rF+)
                  | [potion of mutation]
  5914 | D:6      | 5914 ||| DRINKING 2 lumpy green potions.
  5954 | D:6      | 5954 ||| DRINKING 2 brown potions.
  5955 | D:6      | 5955 ||| DROPPING potion of invisibility.
  6001 | D:7      | Reached skill level 6 in Armour
  6052 | D:7      | 6052 ||| Stepping ~*~*~tactically~*~*~ (stealth).
  6053 | D:7      | 6053 ||| Stepping ~*~*~tactically~*~*~ (stealth).
  6075 | D:7      | Reached skill level 7 in Fighting
  6080 | D:7      | Found a blossoming altar of Fedhas.
  6081 | D:7      | Found an ancient bone altar of Kikubaaqudgha.
  6311 | D:7      | 6311 ||| Stepping ~*~*~tactically~*~*~ (stealth).
  6312 | D:7      | 6312 ||| Stepping ~*~*~tactically~*~*~ (stealth).
  6332 | D:7      | 6332 ||| Stepping ~*~*~tactically~*~*~ (stealth).
  6335 | D:7      | 6335 ||| Stepping ~*~*~tactically~*~*~ (stealth).
  6366 | D:7      | 6366 ||| Stepping ~*~*~tactically~*~*~ (stealth).
  6370 | D:7      | 6370 ||| Stepping ~*~*~tactically~*~*~ (stealth).
  6651 | D:7      | 6651 ||| UPGRADING to +0 cloak.
  6656 | D:7      | 6656 ||| READING 3 scrolls of identify.
  6656 | D:7      | 6656 ||| IDENTIFYING silvery potion
  6657 | D:7      | 6657 ||| READING 2 scrolls of identify.
  6657 | D:7      | 6657 ||| IDENTIFYING glowing silvery potion
  6658 | D:7      | 6658 ||| DROPPING potion of berserk rage.
  6659 | D:7      | 6659 ||| DROPPING potion of degeneration.
  6688 | D:8      | Noticed Pikel
  6689 | D:8      | 6689 ||| STAIRDANCE
  6694 | D:8      | 6694 ||| STAIRDANCE
  6696 | D:7      | 6696 ||| INVOKING Heroism.
  6703 | D:7      | Killed Pikel
  6703 | D:7      | Reached **** piety under Okawaru
  6704 | D:7      | Reached XP level 10. HP: 59/63 MP: 10/13
  7008 | D:8      | 7008 ||| INVOKING Heroism.
  7190 | D:8      | 7190 ||| INVOKING Heroism.
  7303 | D:8      | 7303 ||| INVOKING Heroism.
  7369 | D:8      | 7369 ||| READING scroll of enchant weapon.
  7369 | D:8      | 7369 ||| ENCHANTING +2 war axe of electrocution.
  7425 | D:8      | 7425 ||| INVOKING Heroism.
  7662 | D:8      | 7662 ||| DROPPING ring of magical power.
  7663 | D:8      | 7663 ||| UPGRADING to +4 ring of evasion.
  7665 | D:8      | 7665 ||| DROPPING ring of positive energy.
  7666 | D:8      | 7666 ||| READING scroll labelled UTOPHO WAWO.
  7667 | D:8      | 7667 ||| READING scroll labelled PAUV ILUNGETT.
  7668 | D:8      | 7668 ||| READING scroll labelled REDAM HUNKI.
  7684 | D:9      | 7684 ||| READING scroll of enchant armour.
  7684 | D:9      | 7684 ||| ENCHANTING +1 pair of gloves.
  7710 | D:9      | 7710 ||| READING scroll of enchant weapon.
  7710 | D:9      | 7710 ||| ENCHANTING +3 war axe of electrocution.
  7717 | D:9      | 7717 ||| INVOKING Heroism.
  7870 | D:9      | 7870 ||| Stepping ~*~*~tactically~*~*~ (stealth).
  7876 | D:9      | 7876 ||| Stepping ~*~*~tactically~*~*~ (hiding).
  7881 | D:9      | 7881 ||| INVOKING Heroism.
  7897 | D:9      | Reached skill level 8 in Fighting
  7919 | D:9      | 7919 ||| INVOKING Heroism.
  7946 | D:9      | 7946 ||| Stepping ~*~*~tactically~*~*~ (stealth).
  7952 | D:9      | 7952 ||| Stepping ~*~*~tactically~*~*~ (stealth).
  7954 | D:9      | 7954 ||| Stepping ~*~*~tactically~*~*~ (stealth).
  7966 | D:9      | 7966 ||| INVOKING Heroism.
  8009 | D:9      | Identified the +8 dagger "Embalmer" {vorpal, rPois rC+
                  | Str+3}
  8029 | D:9      | Reached skill level 6 in Invocations
  8048 | D:9      | Noticed a two-headed ogre
  8049 | D:9      | 8049 ||| Stepping ~*~*~tactically~*~*~ (stealth).
  8050 | D:9      | 8050 ||| INVOKING Heroism.
  8053 | D:9      | 8053 ||| Stepping ~*~*~tactically~*~*~ (stealth).
  8058 | D:9      | Killed a two-headed ogre
  8058 | D:9      | Reached ***** piety under Okawaru
  8059 | D:9      | Reached XP level 11. HP: 68/68 MP: 13/16
  8127 | D:9      | 8127 ||| Stepping ~*~*~tactically~*~*~ (stealth).
  8128 | D:9      | 8128 ||| INVOKING Heroism.
  8129 | D:9      | 8129 ||| Stepping ~*~*~tactically~*~*~ (stealth).
  8134 | D:9      | 8134 ||| Stepping ~*~*~tactically~*~*~ (stealth).
  8187 | D:9      | 8187 ||| Stepping ~*~*~tactically~*~*~ (stealth).
  8189 | D:9      | 8189 ||| Stepping ~*~*~tactically~*~*~ (stealth).
  8191 | D:9      | 8191 ||| INVOKING Heroism.
  8197 | D:9      | Identified the +10 whip "Tuzxublul" {vorpal, Str+4}
                  | (Okawaru gifted it to you on level 9 of the Dungeon)
  8197 | D:9      | Received a gift from Okawaru
  8238 | D:9      | 8238 ||| INVOKING Heroism.
  8279 | D:9      | 8279 ||| DROPPING +1 vorpal flail.
  8280 | D:9      | Found a staircase to the Orcish Mines.
  8328 | D:9      | 8328 ||| Stepping ~*~*~tactically~*~*~ (stealth).
  8330 | D:9      | 8330 ||| Stepping ~*~*~tactically~*~*~ (stealth).
  8763 | D:9      | 8763 ||| DROPPING ring of ice.
  8779 | D:10     | Entered Level 10 of the Dungeon
  8914 | D:10     | 8914 ||| INVOKING Heroism.
  8963 | D:10     | 8963 ||| Stepping ~*~*~tactically~*~*~ (hiding).
  8997 | D:10     | 8997 ||| Stepping ~*~*~tactically~*~*~ (stealth).
  8998 | D:10     | 8998 ||| Stepping ~*~*~tactically~*~*~ (stealth).
  9001 | D:10     | 9001 ||| Stepping ~*~*~tactically~*~*~ (stealth).
  9003 | D:10     | 9003 ||| INVOKING Heroism.
  9007 | D:10     | 9007 ||| Stepping ~*~*~tactically~*~*~ (stealth).
  9107 | D:10     | Reached skill level 9 in Invocations
  9110 | D:10     | 9110 ||| INVOKING Heroism.
  9123 | D:10     | Received a gift from Okawaru
  9127 | D:10     | Reached skill level 9 in Fighting
  9207 | D:10     | Found a staircase to the Lair.
  9278 | D:10     | 9278 ||| READING scroll of enchant armour.
  9278 | D:10     | 9278 ||| ENCHANTING +0 helmet.
  9345 | D:10     | 9345 ||| INVOKING Heroism.
  9436 | D:10     | Noticed a white ugly thing
  9437 | D:10     | 9437 ||| INVOKING Heroism.
  9444 | D:10     | Killed a white ugly thing
  9453 | D:10     | Noticed a boulder beetle
  9475 | D:10     | 9475 ||| INVOKING Heroism.
  9476 | D:10     | 9476 ||| INVOKING Finesse.
  9492 | D:10     | Killed a boulder beetle
  9493 | D:10     | Reached skill level 9 in Armour
  9493 | D:10     | Reached XP level 12. HP: 71/76 MP: 12/19
  9760 | D:10     | 9760 ||| PLANNING LAIR
  9760 | D:10     | 9760 ||| READING 3 scrolls of identify.
  9760 | D:10     | 9760 ||| IDENTIFYING green potion
  9792 | Lair:1   | Entered Level 1 of the Lair of Beasts
  9793 | Lair:1   | 9793 ||| INVOKING Heroism.
  9799 | Lair:1   | Reached skill level 3 in Throwing
  9811 | Lair:1   | Identified the ring "Vuicubao" {rPois rF+ Str-5 Int+4
                  | Dex+6}
  9965 | Lair:1   | Received a gift from Okawaru
  9975 | Lair:1   | 9975 ||| Stepping ~*~*~tactically~*~*~ (stealth).
 10021 | Lair:1   | 10021 ||| INVOKING Heroism.
 10042 | Lair:1   | Identified the +0 robe "Xoskus" {Int+3} (Okawaru gifted it
                  | to you on level 1 of the Lair of Beasts)
 10042 | Lair:1   | Received a gift from Okawaru
 10227 | Lair:1   | 10227 ||| Stepping ~*~*~tactically~*~*~ (stealth).
 10233 | Lair:1   | Reached skill level 12 in Axes
 10403 | Lair:1   | 10403 ||| Stepping ~*~*~tactically~*~*~ (stealth).
 10405 | Lair:1   | 10405 ||| Stepping ~*~*~tactically~*~*~ (stealth).
 10414 | Lair:1   | 10414 ||| INVOKING Heroism.
 10425 | Lair:1   | Reached skill level 6 in Shields
 10461 | Lair:1   | 10461 ||| Stepping ~*~*~tactically~*~*~ (stealth).
 10475 | Lair:1   | 10475 ||| Stepping ~*~*~tactically~*~*~ (stealth).
 10486 | Lair:1   | 10486 ||| Stepping ~*~*~tactically~*~*~ (stealth).
 10673 | Lair:1   | 10673 ||| Stepping ~*~*~tactically~*~*~ (hiding).
 10759 | Lair:1   | Noticed a catoblepas
 10760 | Lair:1   | 10760 ||| INVOKING Heroism.
 10766 | Lair:1   | 10766 ||| INVOKING Finesse.
 10772 | Lair:1   | Killed a catoblepas
 10788 | Lair:1   | 10788 ||| INVOKING Heroism.
 10791 | Lair:1   | Reached skill level 10 in Fighting
 11444 | Lair:1   | 11444 ||| DROPPING scarf of harm.
 11474 | Lair:2   | 11474 ||| STAIRDANCE
 11666 | Lair:2   | 11666 ||| Stepping ~*~*~tactically~*~*~ (stealth).
 11667 | Lair:2   | 11667 ||| Stepping ~*~*~tactically~*~*~ (stealth).
 11677 | Lair:2   | 11677 ||| Stepping ~*~*~tactically~*~*~ (stealth).
 11678 | Lair:2   | 11678 ||| Stepping ~*~*~tactically~*~*~ (stealth).
 11729 | Lair:2   | 11729 ||| Stepping ~*~*~tactically~*~*~ (hiding).
 11734 | Lair:2   | 11734 ||| INVOKING Heroism.
 11751 | Lair:2   | 11751 ||| Stepping ~*~*~tactically~*~*~ (hiding).
 11752 | Lair:2   | 11752 ||| Stepping ~*~*~tactically~*~*~ (hiding).
 11759 | Lair:2   | Reached XP level 13. HP: 58/82 MP: 20/20
 11891 | Lair:2   | 11891 ||| INVOKING Heroism.
 11892 | Lair:2   | HP: 16/82 [bog body/bolt of cold (21)]
 11893 | Lair:2   | 11893 ||| READING 6 scrolls of teleportation.
 11894 | Lair:2   | 11894 ||| DRINKING 6 potions of heal wounds.
 12099 | Lair:2   | 12099 ||| READING scroll of enchant weapon.
 12099 | Lair:2   | 12099 ||| ENCHANTING +4 war axe of electrocution.
 12103 | Lair:2   | 12103 ||| INVOKING Heroism.
 12189 | Lair:2   | Noticed Amaemon
 12190 | Lair:2   | 12190 ||| INVOKING Heroism.
 12205 | Lair:2   | Killed Amaemon
 12287 | Lair:2   | 12287 ||| DROPPING +10 whip "Tuzxublul" {vorpal, Str+4}.
 12306 | Lair:2   | 12306 ||| Stepping ~*~*~tactically~*~*~ (stealth).
 12308 | Lair:2   | 12308 ||| Stepping ~*~*~tactically~*~*~ (stealth).
 12337 | Lair:2   | 12337 ||| Stepping ~*~*~tactically~*~*~ (stealth).
 12341 | Lair:2   | 12341 ||| INVOKING Heroism.
 12342 | Lair:2   | 12342 ||| INVOKING Finesse.
 12345 | Lair:2   | 12345 ||| SWAPPING to +0 demon whip of venom.
 12354 | Lair:2   | 12354 ||| SWAPPING to +5 war axe of electrocution.
 12700 | Lair:2   | Found a hole to the Spider Nest.
 12724 | Lair:2   | Found a shadowy altar of Dithmenos.
 12986 | Lair:2   | 12986 ||| Stepping ~*~*~tactically~*~*~ (hiding).
 13098 | Lair:2   | 13098 ||| INVOKING Heroism.
 13123 | Lair:2   | Found a staircase to the Swamp.
 13124 | Lair:2   | 13124 ||| UPGRADING to amulet of regeneration.
 13129 | Lair:2   | 13129 ||| READING scroll labelled BEBLIC SANICVO.
 13176 | Lair:3   | 13176 ||| STAIRDANCE
 13191 | Lair:3   | 13191 ||| INVOKING Heroism.
 13278 | Lair:3   | 13278 ||| Stepping ~*~*~tactically~*~*~ (stealth).
 13279 | Lair:3   | 13279 ||| Stepping ~*~*~tactically~*~*~ (stealth).
 13280 | Lair:3   | 13280 ||| Stepping ~*~*~tactically~*~*~ (stealth).
 13283 | Lair:3   | 13283 ||| INVOKING Heroism.
 13303 | Lair:3   | 13303 ||| Stepping ~*~*~tactically~*~*~ (stealth).
 13321 | Lair:3   | 13321 ||| INVOKING Heroism.
 13322 | Lair:3   | 13322 ||| Stepping ~*~*~tactically~*~*~ (stealth).
 13335 | Lair:3   | 13335 ||| Stepping ~*~*~tactically~*~*~ (stealth).
 13336 | Lair:3   | 13336 ||| Stepping ~*~*~tactically~*~*~ (stealth).
 13340 | Lair:3   | 13340 ||| Stepping ~*~*~tactically~*~*~ (stealth).
 13347 | Lair:3   | Reached ****** piety under Okawaru
 13898 | Lair:3   | 13898 ||| INVOKING Heroism.
 13899 | Lair:3   | 13899 ||| INVOKING Finesse.
 14123 | Lair:3   | 14123 ||| Stepping ~*~*~tactically~*~*~ (stealth).
 14124 | Lair:3   | 14124 ||| INVOKING Heroism.
 14437 | Lair:4   | 14437 ||| READING scroll of enchant weapon.
 14437 | Lair:4   | 14437 ||| ENCHANTING +5 war axe of electrocution.
 14449 | Lair:4   | 14449 ||| INVOKING Heroism.
 14456 | Lair:4   | Reached skill level 11 in Fighting
 14562 | Lair:4   | 14562 ||| STAIRDANCE
 14569 | Lair:4   | 14569 ||| STAIRDANCE
 14581 | Lair:4   | 14581 ||| STAIRDANCE
 14587 | Lair:4   | 14587 ||| INVOKING Heroism.
 14593 | Lair:4   | 14593 ||| INVOKING Finesse.
 14601 | Lair:4   | Received a gift from Okawaru
 14751 | Lair:4   | 14751 ||| INVOKING Heroism.
 14752 | Lair:4   | 14752 ||| SWAPPING to +0 demon whip of venom.
 14753 | Lair:4   | 14753 ||| SWAPPING to +6 war axe of electrocution.
 14755 | Lair:4   | 14755 ||| SWAPPING to +0 demon whip of venom.
 14756 | Lair:4   | 14756 ||| INVOKING Finesse.
 14766 | Lair:4   | 14766 ||| SWAPPING to +6 war axe of electrocution.
 14819 | Lair:4   | 14819 ||| INVOKING Heroism.
 14824 | Lair:4   | Identified the +7 scale mail of the Constellations {Will++
                  | Str+9 Dex-5 Stlth-} (Okawaru gifted it to you on level 4 of
                  | the Lair of Beasts)
 14824 | Lair:4   | Received a gift from Okawaru
 15069 | Lair:4   | 15069 ||| UPGRADING to +7 scale mail of the Constellations
                  | {Will++ Str+9 Dex-5 Stlth-}.
 15079 | Lair:4   | 15079 ||| DROPPING +0 plate armour.
 15096 | Lair:5   | Entered Level 5 of the Lair of Beasts
 15097 | Lair:5   | 15097 ||| INVOKING Heroism.
 15098 | Lair:5   | 15098 ||| STAIRDANCE
 15110 | Lair:5   | 15110 ||| STAIRDANCE
 15120 | Lair:5   | 15120 ||| STAIRDANCE
 15134 | Lair:5   | 15134 ||| STAIRDANCE
 15142 | Lair:4   | Gained mutation: Your large and strong wings let you fly.
                  | [Gargoyle growth]
 15142 | Lair:4   | Reached XP level 14. HP: 81/90 MP: 21/21
 15145 | Lair:4   | Reached skill level 6 in Throwing
 15155 | Lair:5   | 15155 ||| STAIRDANCE
 15213 | Lair:5   | 15213 ||| Stepping ~*~*~tactically~*~*~ (stealth).
 15216 | Lair:5   | 15216 ||| Stepping ~*~*~tactically~*~*~ (stealth).
 15217 | Lair:5   | 15217 ||| Stepping ~*~*~tactically~*~*~ (stealth).
 15223 | Lair:5   | 15223 ||| INVOKING Heroism.
 15266 | Lair:5   | 15266 ||| Stepping ~*~*~tactically~*~*~ (stealth).
 15305 | Lair:5   | Found a runed translucent door.
 15308 | Lair:5   | Noticed qw's ghost (journeyman GrFi)
 15362 | Lair:5   | 15362 ||| FLEEEEING.
 15363 | Lair:5   | 15363 ||| FLEEEEING.
 15364 | Lair:5   | 15364 ||| FLEEEEING.
 15365 | Lair:5   | 15365 ||| FLEEEEING.
 15374 | Lair:5   | 15374 ||| INVOKING Heroism.
 15375 | Lair:5   | 15375 ||| INVOKING Finesse.
 15376 | Lair:5   | 15376 ||| INVOKING Finesse.
 15435 | Lair:5   | 15435 ||| INVOKING Heroism.
 15436 | Lair:5   | 15436 ||| INVOKING Finesse.
 15628 | Lair:5   | 15628 ||| INVOKING Heroism.
 15629 | Lair:5   | 15629 ||| SWAPPING to +0 demon whip of venom.
 15630 | Lair:5   | 15630 ||| INVOKING Finesse.
 15640 | Lair:5   | Reached skill level 15 in Axes
 15640 | Lair:5   | 15640 ||| SWAPPING to +6 war axe of electrocution.
 15704 | Lair:5   | 15704 ||| INVOKING Heroism.
 15739 | Lair:5   | 15739 ||| Stepping ~*~*~tactically~*~*~ (stealth).
 15741 | Lair:5   | 15741 ||| Stepping ~*~*~tactically~*~*~ (stealth).
 15819 | Lair:5   | 15819 ||| Stepping ~*~*~tactically~*~*~ (stealth).
 15820 | Lair:5   | 15820 ||| Stepping ~*~*~tactically~*~*~ (stealth).
 15821 | Lair:5   | 15821 ||| Stepping ~*~*~tactically~*~*~ (stealth).
 15831 | Lair:5   | 15831 ||| FLEEEEING.
 15832 | Lair:5   | 15832 ||| FLEEEEING.
 15838 | Lair:5   | 15838 ||| FLEEEEING.
 15858 | Lair:5   | 15858 ||| INVOKING Heroism.
 15859 | Lair:5   | 15859 ||| INVOKING Finesse.
 15860 | Lair:5   | Found a staircase to the Slime Pits.
 15869 | Lair:5   | Reached skill level 12 in Fighting
 15873 | Lair:5   | 15873 ||| READING 8 scrolls of teleportation.
 15949 | Lair:5   | 15949 ||| FLEEEEING.
 16069 | Lair:5   | 16069 ||| INVOKING Heroism.
 16070 | Lair:5   | 16070 ||| INVOKING Finesse.
 16279 | Lair:5   | 16279 ||| INVOKING Heroism.
 16303 | Lair:5   | Noticed Kirke
 16304 | Lair:5   | 16304 ||| INVOKING Finesse.
 16318 | Lair:5   | Killed Kirke
 16318 | Lair:5   | Identified the +0 plate armour "Cuanipn Uphy" {rElec Regen+
                  | Str+4} (Okawaru gifted it to you on level 5 of the Lair of
                  | Beasts)
 16318 | Lair:5   | Received a gift from Okawaru
 16321 | Lair:5   | 16321 ||| SWAPPING to +0 demon whip of venom.
 16323 | Lair:5   | 16323 ||| Stepping ~*~*~tactically~*~*~ (outnumbered).
 16324 | Lair:5   | 16324 ||| Stepping ~*~*~tactically~*~*~ (outnumbered).
 16325 | Lair:5   | 16325 ||| Stepping ~*~*~tactically~*~*~ (outnumbered).
 16326 | Lair:5   | 16326 ||| Stepping ~*~*~tactically~*~*~ (outnumbered).
 16327 | Lair:5   | 16327 ||| Stepping ~*~*~tactically~*~*~ (outnumbered).
 16328 | Lair:5   | 16328 ||| Stepping ~*~*~tactically~*~*~ (outnumbered).
 16329 | Lair:5   | 16329 ||| Stepping ~*~*~tactically~*~*~ (outnumbered).
 16330 | Lair:5   | 16330 ||| Stepping ~*~*~tactically~*~*~ (outnumbered).
 16337 | Lair:5   | 16337 ||| SWAPPING to +6 war axe of electrocution.
 16353 | Lair:5   | 16353 ||| FLEEEEING.
 16354 | Lair:5   | 16354 ||| FLEEEEING.
 16439 | Lair:5   | 16439 ||| Stepping ~*~*~tactically~*~*~ (hiding).
 16442 | Lair:5   | 16442 ||| INVOKING Heroism.
 16462 | Lair:5   | Found a large runed translucent door.
 16462 | Lair:5   | Found a large runed translucent door.
 16821 | Lair:5   | 16821 ||| PLANNING D:1-11
 16821 | Lair:5   | 16821 ||| UPGRADING to +0 plate armour "Cuanipn Uphy"
                  | {rElec Regen+ Str+4}.
 16831 | Lair:5   | 16831 ||| DROPPING +7 scale mail of the Constellations
                  | {Will++ Str+9 Dex-5 Stlth-}.
 16832 | Lair:5   | 16832 ||| READING 5 scrolls of identify.
 16832 | Lair:5   | 16832 ||| IDENTIFYING cyan potion
 16833 | Lair:5   | 16833 ||| READING 4 scrolls of identify.
 16833 | Lair:5   | 16833 ||| IDENTIFYING glowing clear potion
 16945 | Lair:1   | Noticed Grum
 16946 | Lair:1   | 16946 ||| INVOKING Heroism.
 16947 | Lair:1   | 16947 ||| INVOKING Finesse.
 16953 | Lair:1   | Killed Grum
 17043 | D:11     | 17043 ||| Stepping ~*~*~tactically~*~*~ (stealth).
 17067 | D:11     | 17067 ||| Stepping ~*~*~tactically~*~*~ (stealth).
 17073 | D:11     | Noticed Urug
 17075 | D:11     | 17075 ||| INVOKING Heroism.
 17076 | D:11     | 17076 ||| INVOKING Finesse.
 17093 | D:11     | Killed Urug
 17158 | D:11     | 17158 ||| Stepping ~*~*~tactically~*~*~ (hiding).
 17164 | D:11     | 17164 ||| INVOKING Heroism.
 17436 | D:11     | 17436 ||| PLANNING D
 17436 | D:11     | 17436 ||| DROPPING amulet of guardian spirit.
 17481 | D:12     | 17481 ||| Stepping ~*~*~tactically~*~*~ (hiding).
 17483 | D:12     | 17483 ||| Stepping ~*~*~tactically~*~*~ (hiding).
 17650 | D:12     | 17650 ||| INVOKING Heroism.
 17655 | D:12     | Reached skill level 3 in Dodging
 17659 | D:12     | Reached XP level 15. HP: 96/96 MP: 20/22
 17667 | D:12     | 17667 ||| Stepping ~*~*~tactically~*~*~ (stealth).
 17753 | D:12     | 17753 ||| Stepping ~*~*~tactically~*~*~ (hiding).
 17757 | D:12     | 17757 ||| INVOKING Heroism.
 17996 | D:12     | Noticed Snorg
 17997 | D:12     | 17997 ||| INVOKING Finesse.
 18001 | D:12     | 18001 ||| INVOKING Heroism.
 18010 | D:12     | Killed Snorg
 18060 | D:12     | 18060 ||| DROPPING +0 antimagic morningstar.
 18211 | D:12     | 18211 ||| INVOKING Heroism.
 18423 | D:12     | 18423 ||| Stepping ~*~*~tactically~*~*~ (stealth).
 18424 | D:12     | 18424 ||| Stepping ~*~*~tactically~*~*~ (stealth).
 18474 | D:12     | 18474 ||| Stepping ~*~*~tactically~*~*~ (hiding).
 18475 | D:12     | 18475 ||| Stepping ~*~*~tactically~*~*~ (hiding).
 18476 | D:12     | 18476 ||| Stepping ~*~*~tactically~*~*~ (hiding).
 18657 | D:13     | 18657 ||| INVOKING Heroism.
 18658 | D:13     | 18658 ||| INVOKING Finesse.
 18660 | D:13     | 18660 ||| SWAPPING to +0 demon whip of venom.
 18669 | D:13     | Reached skill level 12 in Armour
 18669 | D:13     | 18669 ||| SWAPPING to +6 war axe of electrocution.
 18815 | D:13     | 18815 ||| INVOKING Heroism.
 18826 | D:13     | 18826 ||| Stepping ~*~*~tactically~*~*~ (hiding).
 18893 | D:13     | 18893 ||| Stepping ~*~*~tactically~*~*~ (hiding).
 18895 | D:13     | 18895 ||| Stepping ~*~*~tactically~*~*~ (hiding).
 18897 | D:13     | 18897 ||| Stepping ~*~*~tactically~*~*~ (hiding).
 18898 | D:13     | 18898 ||| Stepping ~*~*~tactically~*~*~ (hiding).
 18899 | D:13     | 18899 ||| Stepping ~*~*~tactically~*~*~ (hiding).
 18987 | D:13     | 18987 ||| Stepping ~*~*~tactically~*~*~ (hiding).
 18990 | D:13     | 18990 ||| INVOKING Heroism.
 19174 | D:13     | 19174 ||| Stepping ~*~*~tactically~*~*~ (hiding).
 19338 | D:14     | Noticed Rupert
 19338 | D:14     | Noticed Louise
 19338 | D:14     | Found a gate to the Vaults.
 19339 | D:14     | 19339 ||| INVOKING Heroism.
 19340 | D:14     | 19340 ||| STAIRDANCE
 19342 | D:13     | 19342 ||| DRINKING 13 potions of curing.
 19342 | D:13     | 19342 ||| (to cure confusion)
 19352 | D:14     | 19352 ||| STAIRDANCE
 19364 | D:14     | 19364 ||| STAIRDANCE
 19366 | D:13     | 19366 ||| INVOKING Finesse.
 19379 | D:13     | Killed Rupert
 19379 | D:13     | Received a gift from Okawaru
 19410 | D:14     | 19410 ||| STAIRDANCE
 19414 | D:13     | Reached skill level 13 in Fighting
 19423 | D:14     | 19423 ||| STAIRDANCE
 19432 | D:14     | 19432 ||| INVOKING Heroism.
 19433 | D:14     | 19433 ||| INVOKING Finesse.
 19435 | D:14     | 19435 ||| STAIRDANCE
 19451 | D:13     | Killed Louise
 19481 | D:13     | 19481 ||| UPGRADING to +4 plate armour of cold resistance.
 19491 | D:13     | 19491 ||| UPGRADING to +0 tower shield.
 19501 | D:13     | 19501 ||| DROPPING +0 buckler.
 19856 | D:14     | Found Suahibonno's Armour Boutique.
 19881 | D:14     | 19881 ||| Stepping ~*~*~tactically~*~*~ (stealth).
 19981 | D:14     | Reached skill level 9 in Shields
 20259 | D:14     | Found a sacrificial altar of Ru.
 20566 | D:15     | Entered Level 15 of the Dungeon
 20619 | D:15     | 20619 ||| INVOKING Heroism.
 20620 | D:15     | 20620 ||| SWAPPING to +0 demon whip of venom.
 20621 | D:15     | 20621 ||| INVOKING Finesse.
 20627 | D:15     | 20627 ||| SWAPPING to +6 war axe of electrocution.
 20630 | D:15     | 20630 ||| Stepping ~*~*~tactically~*~*~ (stealth).
 20705 | D:15     | Found a staircase to the Depths.
 20708 | D:15     | 20708 ||| READING scroll of enchant armour.
 20708 | D:15     | 20708 ||| ENCHANTING +1 helmet.
 20743 | D:15     | 20743 ||| READING scroll of enchant armour.
 20743 | D:15     | 20743 ||| ENCHANTING +0 cloak.
 20750 | D:15     | 20750 ||| INVOKING Heroism.
 20810 | D:15     | Noticed a fire giant
 20811 | D:15     | 20811 ||| INVOKING Heroism.
 20826 | D:15     | Killed a fire giant
 20826 | D:15     | Received a gift from Okawaru
 20880 | D:15     | Identified the ring of Luppibo {rC+ Int+6}
 20903 | D:15     | 20903 ||| Stepping ~*~*~tactically~*~*~ (hiding).
 20904 | D:15     | 20904 ||| Stepping ~*~*~tactically~*~*~ (hiding).
 20930 | D:15     | Received a gift from Okawaru
 21212 | D:15     | Found Igus's Weapon Boutique.
 21455 | D:15     | 21455 ||| PLANNING ORC
 21455 | D:15     | 21455 ||| DROPPING ring of Luppibo {rC+ Int+6}.
 21614 | Orc:1    | Entered Level 1 of the Orcish Mines
 21624 | Orc:1    | 21624 ||| Stepping ~*~*~tactically~*~*~ (stealth).
 21626 | Orc:1    | 21626 ||| Stepping ~*~*~tactically~*~*~ (hiding).
 21642 | Orc:1    | 21642 ||| DRINKING 12 potions of curing.
 21642 | Orc:1    | 21642 ||| (to cure confusion)
 21658 | Orc:1    | 21658 ||| Stepping ~*~*~tactically~*~*~ (stealth).
 21660 | Orc:1    | 21660 ||| Stepping ~*~*~tactically~*~*~ (hiding).
 21663 | Orc:1    | 21663 ||| Stepping ~*~*~tactically~*~*~ (hiding).
 21732 | Orc:1    | 21732 ||| Stepping ~*~*~tactically~*~*~ (stealth).
 21815 | Orc:1    | 21815 ||| Stepping ~*~*~tactically~*~*~ (hiding).
 21819 | Orc:1    | 21819 ||| INVOKING Heroism.
 21887 | Orc:1    | 21887 ||| Stepping ~*~*~tactically~*~*~ (stealth).
 21888 | Orc:1    | 21888 ||| Stepping ~*~*~tactically~*~*~ (stealth).
 21889 | Orc:1    | 21889 ||| Stepping ~*~*~tactically~*~*~ (stealth).
 21891 | Orc:1    | 21891 ||| Stepping ~*~*~tactically~*~*~ (stealth).
 21893 | Orc:1    | 21893 ||| Stepping ~*~*~tactically~*~*~ (stealth).
 21946 | Orc:1    | 21946 ||| Stepping ~*~*~tactically~*~*~ (stealth).
 21947 | Orc:1    | 21947 ||| Stepping ~*~*~tactically~*~*~ (stealth).
 21964 | Orc:1    | Found a dark tunnel.
 22266 | Orc:1    | 22266 ||| Stepping ~*~*~tactically~*~*~ (hiding).
 22267 | Orc:1    | 22267 ||| Stepping ~*~*~tactically~*~*~ (hiding).
 22277 | Orc:1    | Identified the +7 scimitar of Vayxowup {antimagic, rElec}
 22278 | Orc:1    | 22278 ||| INVOKING Heroism.
 22282 | Orc:1    | Noticed an orc warlord
 22283 | Orc:1    | 22283 ||| INVOKING Finesse.
 22295 | Orc:1    | HP: 24/98 [orc sorcerer/bolt of fire (19)]
 22296 | Orc:1    | 22296 ||| READING 18 scrolls of teleportation.
 22418 | Orc:1    | 22418 ||| INVOKING Heroism.
 22425 | Orc:1    | 22425 ||| INVOKING Finesse.
 22429 | Orc:1    | Reached skill level 12 in Shields
 22429 | Orc:1    | Reached XP level 16. HP: 73/104 MP: 16/23
 22447 | Orc:1    | HP: 17/104 [orc warlord/+0 long sword (36)]
 22448 | Orc:1    | 22448 ||| READING 17 scrolls of teleportation.
 22449 | Orc:1    | 22449 ||| DRINKING 7 potions of heal wounds.
 22523 | Orc:1    | 22523 ||| Stepping ~*~*~tactically~*~*~ (hiding).
 22525 | Orc:1    | 22525 ||| Stepping ~*~*~tactically~*~*~ (hiding).
 22552 | Orc:1    | 22552 ||| INVOKING Heroism.
 22553 | Orc:1    | 22553 ||| INVOKING Finesse.
 22663 | Orc:2    | Entered Level 2 of the Orcish Mines
 22665 | Orc:2    | 22665 ||| INVOKING Heroism.
 22669 | Orc:2    | 22669 ||| INVOKING Finesse.
 22771 | Orc:2    | Found Renk's Jewellery Shop.
 22772 | Orc:2    | 22772 ||| Stepping ~*~*~tactically~*~*~ (hiding).
 22773 | Orc:2    | 22773 ||| Stepping ~*~*~tactically~*~*~ (hiding).
 22774 | Orc:2    | 22774 ||| INVOKING Heroism.
 22791 | Orc:2    | 22791 ||| BUYING +4 ring of evasion (612 gold).
 22791 | Orc:2    | Bought a +4 ring of evasion for 612 gold pieces
 22791 | Orc:2    | 22791 ||| BUYING amulet of reflection (510 gold).
 22791 | Orc:2    | Bought an amulet of reflection for 510 gold pieces
 22817 | Orc:2    | 22817 ||| Stepping ~*~*~tactically~*~*~ (stealth).
 22821 | Orc:2    | 22821 ||| Stepping ~*~*~tactically~*~*~ (hiding).
 22823 | Orc:2    | 22823 ||| Stepping ~*~*~tactically~*~*~ (hiding).
 22853 | Orc:2    | 22853 ||| Stepping ~*~*~tactically~*~*~ (hiding).
 22954 | Orc:2    | Found Hokk's General Store.
 22955 | Orc:2    | 22955 ||| INVOKING Heroism.
 22956 | Orc:2    | Found Etedy's General Store.
 22960 | Orc:2    | 22960 ||| Stepping ~*~*~tactically~*~*~ (stealth).
 22989 | Orc:2    | 22989 ||| Stepping ~*~*~tactically~*~*~ (hiding).
 23019 | Orc:2    | 23019 ||| BUYING 2 potions of heal wounds (140 gold).
 23019 | Orc:2    | Bought 2 potions of heal wounds for 140 gold pieces
 23019 | Orc:2    | 23019 ||| BUYING wand of digging (5) (294 gold).
 23019 | Orc:2    | Bought a wand of digging (5) for 294 gold pieces
 23021 | Orc:2    | 23021 ||| BUYING 3 scrolls of identify (102 gold).
 23021 | Orc:2    | Bought 3 scrolls of identify for 102 gold pieces
 23021 | Orc:2    | 23021 ||| BUYING scroll of teleportation (51 gold).
 23021 | Orc:2    | Bought a scroll of teleportation for 51 gold pieces
 23027 | Orc:2    | 23027 ||| Stepping ~*~*~tactically~*~*~ (hiding).
 23034 | Orc:2    | 23034 ||| Stepping ~*~*~tactically~*~*~ (hiding).
 23155 | Orc:2    | 23155 ||| Stepping ~*~*~tactically~*~*~ (hiding).
 23160 | Orc:2    | 23160 ||| INVOKING Heroism.
 23173 | Orc:2    | Paralysed by an orc sorcerer for 3 turns
 23195 | Orc:2    | 23195 ||| Stepping ~*~*~tactically~*~*~ (hiding).
 23204 | Orc:2    | 23204 ||| INVOKING Heroism.
 23213 | Orc:2    | 23213 ||| Stepping ~*~*~tactically~*~*~ (hiding).
 23222 | Orc:2    | 23222 ||| Stepping ~*~*~tactically~*~*~ (hiding).
 23295 | Orc:2    | 23295 ||| Stepping ~*~*~tactically~*~*~ (hiding).
 23296 | Orc:2    | 23296 ||| INVOKING Heroism.
 23316 | Orc:2    | Found Emebupp's Antique Weapon Boutique.
 23316 | Orc:2    | Found Maorchuv's Book Shop.
 23317 | Orc:2    | 23317 ||| Stepping ~*~*~tactically~*~*~ (stealth).
 23318 | Orc:2    | Found a one-way gate leading to the halls of Pandemonium.
 23333 | Orc:2    | 23333 ||| UPGRADING to amulet of reflection.
 23436 | Orc:2    | Found a staircase to the Elven Halls.
 23444 | Orc:2    | 23444 ||| Stepping ~*~*~tactically~*~*~ (hiding).
 23446 | Orc:2    | 23446 ||| INVOKING Heroism.
 23563 | Orc:2    | 23563 ||| DROPPING amulet of regeneration.
 23564 | Orc:2    | 23564 ||| UPGRADING to +4 ring of evasion.
 23566 | Orc:2    | 23566 ||| DROPPING +6 ring of strength.
 23692 | Orc:1    | 23692 ||| PLANNING SPIDER:1-3
 23850 | Spider:1 | Entered Level 1 of the Spider Nest
 23854 | Spider:1 | Received a gift from Okawaru
 23883 | Spider:1 | 23883 ||| INVOKING Heroism.
 23986 | Spider:1 | 23986 ||| Stepping ~*~*~tactically~*~*~ (stealth).
 23987 | Spider:1 | 23987 ||| Stepping ~*~*~tactically~*~*~ (stealth).
 24044 | Spider:1 | 24044 ||| Stepping ~*~*~tactically~*~*~ (stealth).
 24075 | Spider:1 | 24075 ||| Stepping ~*~*~tactically~*~*~ (stealth).
 24087 | Spider:1 | 24087 ||| Stepping ~*~*~tactically~*~*~ (stealth).
 24103 | Spider:1 | Reached skill level 15 in Shields
 24133 | Spider:1 | 24133 ||| INVOKING Heroism.
 24137 | Spider:1 | Received a gift from Okawaru
 24170 | Spider:1 | HP: 21/104 [tarantella (10)]
 24171 | Spider:1 | 24171 ||| DRINKING 11 potions of curing.
 24171 | Spider:1 | 24171 ||| (to cure confusion)
 24172 | Spider:1 | 24172 ||| READING 17 scrolls of teleportation.
 24173 | Spider:1 | 24173 ||| DRINKING 8 potions of heal wounds.
 24174 | Spider:1 | 24174 ||| DRINKING 7 potions of heal wounds.
 24276 | Spider:1 | 24276 ||| Invisible monster not found???
 24461 | Spider:1 | 24461 ||| INVOKING Heroism.
 24501 | Spider:1 | Found a large runed translucent door.
 24501 | Spider:1 | Found a large runed translucent door.
 24512 | Spider:1 | Noticed qw's ghost (adept GrFi)
 24561 | Spider:1 | 24561 ||| READING scroll of enchant weapon.
 24561 | Spider:1 | 24561 ||| ENCHANTING +6 war axe of electrocution.
 24618 | Spider:1 | 24618 ||| Stepping ~*~*~tactically~*~*~ (stealth).
 24814 | Spider:1 | 24814 ||| INVOKING Heroism.
 25068 | Spider:1 | 25068 ||| Stepping ~*~*~tactically~*~*~ (stealth).
 25072 | Spider:1 | 25072 ||| INVOKING Finesse.
 25323 | Spider:1 | 25323 ||| Stepping ~*~*~tactically~*~*~ (stealth).
 25325 | Spider:1 | 25325 ||| Stepping ~*~*~tactically~*~*~ (hiding).
 25333 | Spider:1 | 25333 ||| INVOKING Heroism.
 25410 | Spider:1 | 25410 ||| Stepping ~*~*~tactically~*~*~ (hiding).
 25412 | Spider:1 | 25412 ||| Stepping ~*~*~tactically~*~*~ (hiding).
 25419 | Spider:1 | Received a gift from Okawaru
 25482 | Spider:1 | 25482 ||| Stepping ~*~*~tactically~*~*~ (stealth).
 25643 | Spider:1 | 25643 ||| DROPPING ring of willpower.
 25657 | Spider:2 | 25657 ||| Stepping ~*~*~tactically~*~*~ (hiding).
 25661 | Spider:2 | 25661 ||| INVOKING Finesse.
 25668 | Spider:2 | 25668 ||| INVOKING Heroism.
 25832 | Spider:2 | 25832 ||| INVOKING Heroism.
 25850 | Spider:2 | Gained mutation: You have a somewhat thin skeletal
                  | structure. (Dex +2, Stealth+) [mutagenic glow]
 26046 | Spider:2 | 26046 ||| INVOKING Heroism.
 26065 | Spider:2 | Reached XP level 17. HP: 104/108 MP: 24/24
 26202 | Spider:2 | 26202 ||| INVOKING Heroism.
 26315 | Spider:2 | 26315 ||| Stepping ~*~*~tactically~*~*~ (stealth).
 26316 | Spider:2 | 26316 ||| Stepping ~*~*~tactically~*~*~ (stealth).
 26580 | Spider:2 | 26580 ||| INVOKING Heroism.
 26651 | Spider:2 | 26651 ||| INVOKING Heroism.
 26653 | Spider:2 | 26653 ||| INVOKING Finesse.
 26667 | Spider:2 | Identified the +4 plate armour of the Snake Pit {rN+ Dex+4}
                  | (Okawaru gifted it to you on level 2 of the Spider Nest)
 26667 | Spider:2 | Received a gift from Okawaru
 26865 | Spider:2 | 26865 ||| Stepping ~*~*~tactically~*~*~ (hiding).
 27021 | Spider:2 | 27021 ||| DROPPING +4 plate armour of the Snake Pit {rN+
                  | Dex+4}.
 27028 | Spider:3 | 27028 ||| INVOKING Heroism.
 27118 | Spider:3 | 27118 ||| INVOKING Finesse.
 27158 | Spider:3 | 27158 ||| Stepping ~*~*~tactically~*~*~ (stealth).
 27213 | Spider:3 | 27213 ||| Stepping randomly (disturbance).
 27230 | Spider:3 | 27230 ||| Stepping ~*~*~tactically~*~*~ (stealth).
 27233 | Spider:3 | 27233 ||| Stepping ~*~*~tactically~*~*~ (stealth).
 27234 | Spider:3 | 27234 ||| Stepping ~*~*~tactically~*~*~ (stealth).
 27348 | Spider:3 | 27348 ||| Stepping ~*~*~tactically~*~*~ (stealth).
 27355 | Spider:3 | 27355 ||| INVOKING Finesse.
 27364 | Spider:3 | 27364 ||| Stepping ~*~*~tactically~*~*~ (stealth).
 27371 | Spider:3 | 27371 ||| Stepping ~*~*~tactically~*~*~ (stealth).
 27372 | Spider:3 | 27372 ||| Stepping ~*~*~tactically~*~*~ (stealth).
 27376 | Spider:3 | 27376 ||| Stepping ~*~*~tactically~*~*~ (stealth).
 27542 | Spider:3 | 27542 ||| Stepping ~*~*~tactically~*~*~ (stealth).
 27570 | Spider:3 | 27570 ||| Stepping ~*~*~tactically~*~*~ (stealth).
 27579 | Spider:3 | Identified the +10 war axe "Dexkol" {freeze, Will+ Dex+3}
 27589 | Spider:3 | 27589 ||| SWAPPING to +10 war axe "Dexkol" {freeze, Will+
                  | Dex+3}.
 27590 | Spider:3 | 27590 ||| DROPPING +7 war axe of electrocution.
 27620 | Spider:3 | 27620 ||| INVOKING Heroism.
 27621 | Spider:3 | 27621 ||| INVOKING Finesse.
 27797 | Spider:3 | 27797 ||| Stepping ~*~*~tactically~*~*~ (stealth).
 27801 | Spider:3 | Found a runed translucent gate.
 27801 | Spider:3 | Found a runed translucent gate.
 27801 | Spider:3 | Found a runed translucent gate.
 27802 | Spider:3 | Noticed Beorghan's ghost (adept MiBe)
 27802 | Spider:3 | Noticed Beorghan's ghost (adept MiBe)
 27803 | Spider:3 | Noticed Detar's ghost (adept HOFi)
 27803 | Spider:3 | Noticed qw's ghost (adept GrFi)
 27803 | Spider:3 | Noticed Bewnofeo's ghost (adept GrFi)
 27871 | Spider:3 | Found the +10 morningstar "Eos" {elec, Halo rElec}
 28051 | Spider:3 | 28051 ||| Stepping ~*~*~tactically~*~*~ (hiding).
 28053 | Spider:3 | 28053 ||| INVOKING Heroism.
 28269 | Spider:3 | 28269 ||| PLANNING SWAMP:1-3
 28434 | Swamp:1  | Entered Level 1 of the Swamp
 28438 | Swamp:1  | 28438 ||| INVOKING Heroism.
 28455 | Swamp:1  | 28455 ||| Stepping ~*~*~tactically~*~*~ (cloud).
 28472 | Swamp:1  | 28472 ||| Stepping ~*~*~tactically~*~*~ (hiding).
 28473 | Swamp:1  | 28473 ||| Stepping ~*~*~tactically~*~*~ (hiding).
 28513 | Swamp:1  | Reached skill level 14 in Fighting
 28539 | Swamp:1  | Noticed Donald
 28540 | Swamp:1  | 28540 ||| Stepping ~*~*~tactically~*~*~ (stealth).
 28546 | Swamp:1  | 28546 ||| INVOKING Heroism.
 28547 | Swamp:1  | 28547 ||| INVOKING Finesse.
 28559 | Swamp:1  | Killed Donald
 28654 | Swamp:1  | 28654 ||| INVOKING Heroism.
 28803 | Swamp:1  | Reached skill level 18 in Shields
 28852 | Swamp:1  | 28852 ||| Stepping ~*~*~tactically~*~*~ (stealth).
 28861 | Swamp:1  | 28861 ||| Stepping ~*~*~tactically~*~*~ (hiding).
 28864 | Swamp:1  | 28864 ||| INVOKING Heroism.
 28954 | Swamp:1  | 28954 ||| INVOKING Heroism.
 29388 | Swamp:2  | 29388 ||| Stepping ~*~*~tactically~*~*~ (hiding).
 29389 | Swamp:2  | 29389 ||| Stepping ~*~*~tactically~*~*~ (hiding).
 29390 | Swamp:2  | 29390 ||| Stepping ~*~*~tactically~*~*~ (hiding).
 29436 | Swamp:2  | 29436 ||| INVOKING Heroism.
 29437 | Swamp:2  | 29437 ||| SWAPPING to +0 demon whip of venom.
 29449 | Swamp:2  | 29449 ||| SWAPPING to +10 war axe "Dexkol" {freeze, Will+
                  | Dex+3}.
 29533 | Swamp:2  | 29533 ||| Stepping ~*~*~tactically~*~*~ (stealth).
 29534 | Swamp:2  | 29534 ||| Stepping ~*~*~tactically~*~*~ (stealth).
 29535 | Swamp:2  | 29535 ||| INVOKING Heroism.
 29617 | Swamp:2  | 29617 ||| FLEEEEING.
 29620 | Swamp:2  | 29620 ||| INVOKING Heroism.
 29647 | Swamp:2  | 29647 ||| Stepping ~*~*~tactically~*~*~ (stealth).
 29648 | Swamp:2  | 29648 ||| FLEEEEING.
 29655 | Swamp:2  | 29655 ||| INVOKING Heroism.
 29679 | Swamp:2  | 29679 ||| Stepping ~*~*~tactically~*~*~ (stealth).
 29681 | Swamp:2  | 29681 ||| Stepping ~*~*~tactically~*~*~ (stealth).
 29693 | Swamp:2  | 29693 ||| Stepping ~*~*~tactically~*~*~ (stealth).
 29695 | Swamp:2  | 29695 ||| Stepping ~*~*~tactically~*~*~ (stealth).
 29709 | Swamp:2  | 29709 ||| INVOKING Heroism.
 29774 | Swamp:2  | 29774 ||| INVOKING Heroism.
 29898 | Swamp:2  | 29898 ||| Stepping ~*~*~tactically~*~*~ (hiding).
 29900 | Swamp:2  | 29900 ||| Stepping ~*~*~tactically~*~*~ (hiding).
 29975 | Swamp:2  | 29975 ||| INVOKING Heroism.
 29984 | Swamp:2  | Received a gift from Okawaru
 30029 | Swamp:2  | 30029 ||| Stepping ~*~*~tactically~*~*~ (hiding).
 30150 | Swamp:2  | 30150 ||| Stepping ~*~*~tactically~*~*~ (hiding).
 30152 | Swamp:2  | 30152 ||| INVOKING Heroism.
 30191 | Swamp:3  | 30191 ||| Stepping ~*~*~tactically~*~*~ (hiding).
 30197 | Swamp:3  | 30197 ||| INVOKING Heroism.
 30206 | Swamp:3  | 30206 ||| SWAPPING to +0 demon whip of venom.
 30207 | Swamp:3  | 30207 ||| SWAPPING to +10 war axe "Dexkol" {freeze, Will+
                  | Dex+3}.
 30208 | Swamp:3  | 30208 ||| SWAPPING to +0 demon whip of venom.
 30211 | Swamp:3  | 30211 ||| Stepping ~*~*~tactically~*~*~ (outnumbered).
 30212 | Swamp:3  | 30212 ||| Stepping ~*~*~tactically~*~*~ (outnumbered).
 30213 | Swamp:3  | 30213 ||| Stepping ~*~*~tactically~*~*~ (outnumbered).
 30217 | Swamp:3  | 30217 ||| Stepping ~*~*~tactically~*~*~ (outnumbered).
 30218 | Swamp:3  | 30218 ||| Stepping ~*~*~tactically~*~*~ (outnumbered).
 30229 | Swamp:3  | 30229 ||| SWAPPING to +10 war axe "Dexkol" {freeze, Will+
                  | Dex+3}.
 30486 | Swamp:3  | 30486 ||| Stepping ~*~*~tactically~*~*~ (stealth).
 30488 | Swamp:3  | 30488 ||| Stepping ~*~*~tactically~*~*~ (hiding).
 30772 | Swamp:3  | Reached XP level 18. HP: 109/116 MP: 25/25
 30797 | Swamp:3  | 30797 ||| DROPPING +0 demon whip of venom.
 30919 | Swamp:3  | 30919 ||| Stepping ~*~*~tactically~*~*~ (hiding).
 30920 | Swamp:3  | 30920 ||| Stepping ~*~*~tactically~*~*~ (hiding).
 30936 | Swamp:3  | Received a gift from Okawaru
 31006 | Swamp:3  | 31006 ||| PLANNING SPIDER:4
 31006 | Swamp:3  | 31006 ||| DROPPING +4 ring of protection.
 31182 | Spider:4 | Entered Level 4 of the Spider Nest
 31185 | Spider:4 | 31185 ||| INVOKING Heroism.
 31344 | Spider:4 | 31344 ||| INVOKING Finesse.
 31347 | Spider:4 | 31347 ||| INVOKING Heroism.
 31383 | Spider:4 | HP: 28/117 [disintegration (17)]
 31384 | Spider:4 | 31384 ||| READING 17 scrolls of teleportation.
 31385 | Spider:4 | 31385 ||| DRINKING 11 potions of heal wounds.
 31386 | Spider:4 | HP: 10/117 [disintegration (33)]
 31387 | Spider:4 | 31387 ||| DRINKING 10 potions of heal wounds.
 31396 | Spider:4 | 31396 ||| INVOKING Heroism.
 31397 | Spider:4 | 31397 ||| INVOKING Finesse.
 31400 | Spider:4 | 31400 ||| Stepping ~*~*~tactically~*~*~ (hiding).
 31555 | Spider:4 | 31555 ||| INVOKING Finesse.
 31569 | Spider:4 | 31569 ||| Stepping ~*~*~tactically~*~*~ (stealth).
 31647 | Spider:4 | 31647 ||| INVOKING Heroism.
 31649 | Spider:4 | 31649 ||| Stepping ~*~*~tactically~*~*~ (hiding).
 31732 | Spider:4 | 31732 ||| Stepping randomly (disturbance).
 31733 | Spider:4 | 31733 ||| Stepping randomly (disturbance).
 31736 | Spider:4 | 31736 ||| Stepping randomly (disturbance).
 31884 | Spider:4 | Reached skill level 15 in Fighting
 31884 | Spider:4 | 31884 ||| Stepping ~*~*~tactically~*~*~ (stealth).
 31889 | Spider:4 | 31889 ||| INVOKING Heroism.
 31936 | Spider:4 | 31936 ||| INVOKING Heroism.
 31986 | Spider:4 | 31986 ||| FLEEEEING.
 31999 | Spider:4 | 31999 ||| INVOKING Heroism.
 32001 | Spider:4 | 32001 ||| INVOKING Finesse.
 32039 | Spider:4 | 32039 ||| Stepping ~*~*~tactically~*~*~ (stealth).
 32059 | Spider:4 | Received a gift from Okawaru
 32073 | Spider:4 | 32073 ||| INVOKING Finesse.
 32114 | Spider:4 | 32114 ||| INVOKING Heroism.
 32164 | Spider:4 | 32164 ||| INVOKING Heroism.
 32202 | Spider:4 | Received a gift from Okawaru
 32213 | Spider:4 | Reached skill level 15 in Armour
 32396 | Spider:4 | Identified the +1 pair of boots "Ymesk" {-Tele rC++ Dex+4
                  | Slay+2}
 32403 | Spider:4 | Got a gossamer rune of Zot
 32519 | Spider:4 | 32519 ||| Stepping randomly (disturbance).
 32520 | Spider:4 | 32520 ||| Stepping randomly (disturbance).
 32523 | Spider:4 | 32523 ||| Stepping randomly (disturbance).
 32624 | Spider:4 | 32624 ||| Stepping ~*~*~tactically~*~*~ (stealth).
 32673 | Spider:4 | 32673 ||| INVOKING Heroism.
 32676 | Spider:4 | 32676 ||| Stepping ~*~*~tactically~*~*~ (stealth).
 32693 | Spider:4 | Received a gift from Okawaru
 32985 | Spider:4 | 32985 ||| PLANNING VAULTS:1-4
 32985 | Spider:4 | 32985 ||| DROPPING +0 pair of gloves of infusion.
 32986 | Spider:4 | 32986 ||| DROPPING scarf of harm.
 33249 | Vaults:1 | Entered Level 1 of the Vaults
 33250 | Vaults:1 | 33250 ||| INVOKING Heroism.
 33295 | Vaults:1 | 33295 ||| Stepping ~*~*~tactically~*~*~ (hiding).
 33306 | Vaults:1 | 33306 ||| INVOKING Heroism.
 33344 | Vaults:1 | Received a gift from Okawaru
 33422 | Vaults:1 | 33422 ||| READING 17 scrolls of teleportation.
 33434 | Vaults:1 | 33434 ||| INVOKING Heroism.
 33438 | Vaults:1 | Reached skill level 9 in Throwing
 33638 | Vaults:1 | 33638 ||| INVOKING Heroism.
 33639 | Vaults:1 | 33639 ||| INVOKING Finesse.
 33699 | Vaults:1 | 33699 ||| INVOKING Heroism.
 33711 | Vaults:1 | Received a gift from Okawaru
 33747 | Vaults:1 | 33747 ||| INVOKING Heroism.
 33787 | Vaults:1 | Reached skill level 16 in Fighting
 33815 | Vaults:1 | Reached XP level 19. HP: 125/125 MP: 26/26
 33820 | Vaults:1 | 33820 ||| Stepping ~*~*~tactically~*~*~ (hiding).
 33836 | Vaults:1 | 33836 ||| Stepping ~*~*~tactically~*~*~ (stealth).
 33838 | Vaults:1 | 33838 ||| Stepping ~*~*~tactically~*~*~ (stealth).
 33844 | Vaults:1 | 33844 ||| INVOKING Heroism.
 34004 | Vaults:1 | 34004 ||| Stepping ~*~*~tactically~*~*~ (stealth).
 34005 | Vaults:1 | 34005 ||| INVOKING Finesse.
 34009 | Vaults:1 | Received a gift from Okawaru
 34049 | Vaults:1 | 34049 ||| INVOKING Heroism.
 34059 | Vaults:1 | Reached skill level 6 in Dodging
 34622 | Vaults:1 | 34622 ||| Stepping ~*~*~tactically~*~*~ (hiding).
 34625 | Vaults:1 | 34625 ||| Stepping ~*~*~tactically~*~*~ (stealth).
 34826 | Vaults:2 | Noticed Mara
 34827 | Vaults:2 | 34827 ||| INVOKING Heroism.
 34828 | Vaults:2 | 34828 ||| INVOKING Finesse.
 34830 | Vaults:2 | Noticed qw's illusion
 34842 | Vaults:2 | Killed Mara
 34842 | Vaults:2 | Received a gift from Okawaru
 34879 | Vaults:2 | 34879 ||| INVOKING Heroism.
 34930 | Vaults:2 | 34930 ||| Stepping ~*~*~tactically~*~*~ (hiding).
 34931 | Vaults:2 | 34931 ||| Stepping ~*~*~tactically~*~*~ (hiding).
 35157 | Vaults:2 | 35157 ||| INVOKING Heroism.
 35244 | Vaults:2 | 35244 ||| INVOKING Heroism.
 35278 | Vaults:2 | Reached skill level 17 in Fighting
 35407 | Vaults:2 | 35407 ||| Stepping ~*~*~tactically~*~*~ (hiding).
 35408 | Vaults:2 | 35408 ||| Stepping ~*~*~tactically~*~*~ (hiding).
 35428 | Vaults:2 | Identified the +7 long sword "Netukh" {vamp, rF+ Str+6
                  | Int+2}
 35499 | Vaults:2 | 35499 ||| INVOKING Heroism.
 35613 | Vaults:2 | 35613 ||| INVOKING Heroism.
 35616 | Vaults:2 | 35616 ||| INVOKING Finesse.
 35631 | Vaults:2 | Received a gift from Okawaru
 35675 | Vaults:2 | 35675 ||| INVOKING Heroism.
 35841 | Vaults:2 | 35841 ||| Stepping ~*~*~tactically~*~*~ (stealth).
 35844 | Vaults:2 | 35844 ||| Stepping ~*~*~tactically~*~*~ (hiding).
 35865 | Vaults:2 | 35865 ||| Stepping ~*~*~tactically~*~*~ (hiding).
 35866 | Vaults:2 | 35866 ||| Stepping ~*~*~tactically~*~*~ (hiding).
 36054 | Vaults:2 | 36054 ||| Stepping ~*~*~tactically~*~*~ (hiding).
 36059 | Vaults:2 | 36059 ||| INVOKING Heroism.
 36271 | Vaults:2 | Found a staircase to the Crypt.
 36272 | Vaults:2 | 36272 ||| INVOKING Heroism.
 36389 | Vaults:2 | 36389 ||| Stepping ~*~*~tactically~*~*~ (stealth).
 36391 | Vaults:2 | 36391 ||| INVOKING Heroism.
 36495 | Vaults:2 | Received a gift from Okawaru
 36496 | Vaults:2 | Reached XP level 20. HP: 134/134 MP: 27/27
 36504 | Vaults:2 | 36504 ||| INVOKING Heroism.
 36615 | Vaults:2 | 36615 ||| INVOKING Heroism.
 36626 | Vaults:2 | Received a gift from Okawaru
 36907 | Vaults:3 | 36907 ||| INVOKING Heroism.
 37019 | Vaults:3 | 37019 ||| INVOKING Heroism.
 37200 | Vaults:3 | Reached skill level 18 in Fighting
 37203 | Vaults:3 | 37203 ||| Stepping ~*~*~tactically~*~*~ (hiding).
 37206 | Vaults:3 | 37206 ||| Stepping ~*~*~tactically~*~*~ (stealth).
 37209 | Vaults:3 | 37209 ||| INVOKING Heroism.
 37263 | Vaults:3 | 37263 ||| INVOKING Heroism.
 37269 | Vaults:3 | Received a gift from Okawaru
 37362 | Vaults:3 | 37362 ||| Stepping ~*~*~tactically~*~*~ (hiding).
 37522 | Vaults:3 | 37522 ||| Stepping ~*~*~tactically~*~*~ (hiding).
 37554 | Vaults:3 | Found a transporter.
 37556 | Vaults:3 | Noticed Forgeling's ghost (adept FeEn)
 37571 | Vaults:3 | Found a transporter.
 37610 | Vaults:3 | Received a gift from Okawaru
 37780 | Vaults:3 | 37780 ||| FLEEEEING.
 37781 | Vaults:3 | 37781 ||| FLEEEEING.
 37782 | Vaults:3 | 37782 ||| STAIRDANCE
 37884 | Vaults:2 | 37884 ||| DROPPING ring of see invisible.
 37890 | Vaults:3 | 37890 ||| STAIRDANCE
 37892 | Vaults:2 | 37892 ||| INVOKING Heroism.
 37893 | Vaults:2 | 37893 ||| INVOKING Finesse.
 37944 | Vaults:3 | 37944 ||| STAIRDANCE
 37992 | Vaults:3 | 37992 ||| INVOKING Heroism.
 37992 | Vaults:3 | Received a gift from Okawaru
 38176 | Vaults:3 | 38176 ||| INVOKING Heroism.
 38326 | Vaults:3 | 38326 ||| Stepping ~*~*~tactically~*~*~ (hiding).
 38331 | Vaults:3 | Received a gift from Okawaru
 38474 | Vaults:4 | 38474 ||| INVOKING Heroism.
 38534 | Vaults:4 | 38534 ||| INVOKING Heroism.
 38556 | Vaults:4 | Received a gift from Okawaru
 38559 | Vaults:4 | Reached skill level 18 in Armour
 38587 | Vaults:4 | 38587 ||| INVOKING Heroism.
 38602 | Vaults:4 | Identified the +2 robe "Cunerch" {-Cast Will- Str+8 SInv}
                  | (Okawaru gifted it to you on level 4 of the Vaults)
 38602 | Vaults:4 | Received a gift from Okawaru
 38603 | Vaults:4 | HP: 23/137 [yaktaur captain (16)]
 38604 | Vaults:4 | 38604 ||| READING 17 scrolls of teleportation.
 38605 | Vaults:4 | 38605 ||| DRINKING 10 potions of heal wounds.
 38982 | Vaults:4 | 38982 ||| Stepping ~*~*~tactically~*~*~ (stealth).
 38985 | Vaults:4 | 38985 ||| Stepping ~*~*~tactically~*~*~ (stealth).
 39282 | Vaults:4 | 39282 ||| Stepping ~*~*~tactically~*~*~ (hiding).
 39356 | Vaults:4 | 39356 ||| Stepping ~*~*~tactically~*~*~ (hiding).
 39366 | Vaults:4 | 39366 ||| INVOKING Heroism.
 39534 | Vaults:4 | 39534 ||| INVOKING Heroism.
 39684 | Vaults:4 | 39684 ||| INVOKING Heroism.
 39688 | Vaults:4 | Reached XP level 21. HP: 135/143 MP: 25/28
 39694 | Vaults:4 | Reached skill level 19 in Fighting
 39754 | Vaults:4 | 39754 ||| Stepping ~*~*~tactically~*~*~ (stealth).
 39914 | Vaults:4 | 39914 ||| Stepping ~*~*~tactically~*~*~ (hiding).
 39920 | Vaults:4 | 39920 ||| INVOKING Heroism.
 39923 | Vaults:4 | 39923 ||| Stepping ~*~*~tactically~*~*~ (stealth).
 39969 | Vaults:4 | 39969 ||| READING scroll of enchant armour.
 39969 | Vaults:4 | 39969 ||| ENCHANTING +1 cloak.
 40028 | Vaults:4 | 40028 ||| INVOKING Heroism.
 40161 | Vaults:4 | 40161 ||| PLANNING SWAMP:4
 40161 | Vaults:4 | 40161 ||| SWAPPING to +4 broad axe of electrocution.
 40162 | Vaults:4 | 40162 ||| DROPPING +10 war axe "Dexkol" {freeze, Will+
                  | Dex+3}.
 40163 | Vaults:4 | 40163 ||| READING 2 scrolls of brand weapon.
 40163 | Vaults:4 | 40163 ||| BRANDING +4 broad axe of electrocution.
 40164 | Vaults:4 | 40164 ||| READING scroll of brand weapon.
 40164 | Vaults:4 | 40164 ||| BRANDING +4 broad axe of venom.
 40165 | Vaults:4 | 40165 ||| DROPPING +6 ring of dexterity.
 40497 | Swamp:4  | Entered Level 4 of the Swamp
 40546 | Swamp:4  | 40546 ||| Stepping ~*~*~tactically~*~*~ (hiding).
 40560 | Swamp:4  | 40560 ||| Stepping ~*~*~tactically~*~*~ (stealth).
 40562 | Swamp:4  | 40562 ||| Stepping ~*~*~tactically~*~*~ (hiding).
 40646 | Swamp:4  | 40646 ||| Stepping ~*~*~tactically~*~*~ (hiding).
 40647 | Swamp:4  | 40647 ||| Stepping ~*~*~tactically~*~*~ (hiding).
 40655 | Swamp:4  | 40655 ||| Stepping ~*~*~tactically~*~*~ (hiding).
 40656 | Swamp:4  | 40656 ||| Stepping ~*~*~tactically~*~*~ (hiding).
 40663 | Swamp:4  | 40663 ||| Stepping ~*~*~tactically~*~*~ (hiding).
 40761 | Swamp:4  | 40761 ||| Stepping ~*~*~tactically~*~*~ (hiding).
 40762 | Swamp:4  | 40762 ||| Stepping ~*~*~tactically~*~*~ (hiding).
 40832 | Swamp:4  | 40832 ||| INVOKING Heroism.
 40889 | Swamp:4  | 40889 ||| Stepping ~*~*~tactically~*~*~ (stealth).
 40891 | Swamp:4  | 40891 ||| Stepping ~*~*~tactically~*~*~ (hiding).
 41012 | Swamp:4  | 41012 ||| Stepping ~*~*~tactically~*~*~ (hiding).
 41078 | Swamp:4  | 41078 ||| Stepping ~*~*~tactically~*~*~ (stealth).
 41089 | Swamp:4  | 41089 ||| INVOKING Heroism.
 41098 | Swamp:4  | Identified the +1 cloak "Xaam" {rPois rCorr} (Okawaru
                  | gifted it to you on level 4 of the Swamp)
 41098 | Swamp:4  | Received a gift from Okawaru
 41122 | Swamp:4  | 41122 ||| Stepping ~*~*~tactically~*~*~ (stealth).
 41323 | Swamp:4  | Got a decaying rune of Zot
 41328 | Swamp:4  | 41328 ||| Stepping ~*~*~tactically~*~*~ (hiding).
 41330 | Swamp:4  | 41330 ||| Stepping ~*~*~tactically~*~*~ (stealth).
 41333 | Swamp:4  | Paralysed by a fenstrider witch for 4 turns
 41398 | Swamp:4  | 41398 ||| Stepping ~*~*~tactically~*~*~ (hiding).
 41593 | Swamp:4  | Identified the +1 ring mail of the Unbroken {Str+4}
 41605 | Swamp:4  | 41605 ||| Stepping ~*~*~tactically~*~*~ (hiding).
 41693 | Swamp:4  | 41693 ||| Stepping ~*~*~tactically~*~*~ (hiding).
 41713 | Swamp:4  | 41713 ||| INVOKING Heroism.
 41721 | Swamp:4  | 41721 ||| Stepping ~*~*~tactically~*~*~ (hiding).
 41727 | Swamp:4  | HP: 36/144 [six-headed hydra (2)]
 41728 | Swamp:4  | 41728 ||| READING 18 scrolls of teleportation.
 41731 | Swamp:4  | 41731 ||| DRINKING 9 potions of heal wounds.
 41768 | Swamp:4  | 41768 ||| Stepping ~*~*~tactically~*~*~ (stealth).
 41769 | Swamp:4  | 41769 ||| Stepping ~*~*~tactically~*~*~ (stealth).
 41770 | Swamp:4  | 41770 ||| Stepping ~*~*~tactically~*~*~ (stealth).
 41773 | Swamp:4  | 41773 ||| INVOKING Heroism.
 42066 | Swamp:4  | 42066 ||| Stepping ~*~*~tactically~*~*~ (stealth).
 42080 | Swamp:4  | 42080 ||| Stepping ~*~*~tactically~*~*~ (stealth).
 42093 | Swamp:4  | 42093 ||| Stepping ~*~*~tactically~*~*~ (stealth).
 42094 | Swamp:4  | 42094 ||| Stepping ~*~*~tactically~*~*~ (stealth).
 42154 | Swamp:4  | 42154 ||| READING scroll of brand weapon.
 42154 | Swamp:4  | 42154 ||| BRANDING +4 broad axe of protection.
 42264 | Swamp:4  | 42264 ||| Stepping ~*~*~tactically~*~*~ (hiding).
 42266 | Swamp:4  | 42266 ||| Stepping ~*~*~tactically~*~*~ (hiding).
 42269 | Swamp:4  | Paralysed by a fenstrider witch for 5 turns
 42275 | Swamp:4  | 42275 ||| INVOKING Heroism.
 42511 | Swamp:4  | 42511 ||| PLANNING DEPTHS
 42511 | Swamp:4  | 42511 ||| READING scroll labelled AMALLO NOIFYNK.
 42859 | Depths:1 | Entered Level 1 of the Depths
 42865 | Depths:1 | 42865 ||| INVOKING Heroism.
 42992 | Depths:1 | 42992 ||| Stepping ~*~*~tactically~*~*~ (hiding).
 43010 | Depths:1 | Reached skill level 18 in Axes
 43111 | Depths:1 | Found a runed translucent door.
 43130 | Depths:1 | 43130 ||| Stepping ~*~*~tactically~*~*~ (stealth).
 43132 | Depths:1 | 43132 ||| Stepping ~*~*~tactically~*~*~ (stealth).
 43133 | Depths:1 | 43133 ||| Stepping ~*~*~tactically~*~*~ (stealth).
 43134 | Depths:1 | 43134 ||| Stepping ~*~*~tactically~*~*~ (stealth).
 43139 | Depths:1 | 43139 ||| INVOKING Heroism.
 43212 | Depths:1 | 43212 ||| INVOKING Heroism.
 43302 | Depths:1 | 43302 ||| READING scroll of brand weapon.
 43302 | Depths:1 | 43302 ||| BRANDING +4 broad axe of freezing.
 43333 | Depths:1 | 43333 ||| INVOKING Finesse.
 43365 | Depths:1 | 43365 ||| Stepping ~*~*~tactically~*~*~ (hiding).
 43368 | Depths:1 | 43368 ||| INVOKING Heroism.
 43434 | Depths:1 | 43434 ||| Stepping ~*~*~tactically~*~*~ (hiding).
 43500 | Depths:1 | Found a gateway to Hell.
 43651 | Depths:1 | 43651 ||| Stepping ~*~*~tactically~*~*~ (hiding).
 43657 | Depths:1 | 43657 ||| INVOKING Heroism.
 43658 | Depths:1 | 43658 ||| Stepping ~*~*~tactically~*~*~ (hiding).
 43666 | Depths:1 | 43666 ||| INVOKING Finesse.
 43682 | Depths:1 | Received a gift from Okawaru
 43760 | Depths:1 | 43760 ||| Stepping ~*~*~tactically~*~*~ (hiding).
 43858 | Depths:1 | 43858 ||| INVOKING Heroism.
 43859 | Depths:1 | 43859 ||| INVOKING Finesse.
 43914 | Depths:1 | Found a blossoming altar of Fedhas.
 43917 | Depths:1 | 43917 ||| INVOKING Heroism.
 43918 | Depths:1 | Noticed a golden dragon
 43923 | Depths:1 | 43923 ||| INVOKING Finesse.
 43935 | Depths:1 | Reached XP level 22. HP: 40/149 MP: 23/29
 43935 | Depths:1 | Killed a golden dragon
 43939 | Depths:1 | HP: 30/149 [something (11)]
 43940 | Depths:1 | 43940 ||| READING 18 scrolls of teleportation.
 43941 | Depths:1 | 43941 ||| READING 17 scrolls of teleportation.
 43942 | Depths:1 | 43942 ||| DRINKING 9 potions of heal wounds.
 44050 | Depths:1 | 44050 ||| Invisible monster not found???
 44394 | Depths:1 | Identified the ring "Wuttut" {rN+ Str+4 Int+4 Dex-2 SInv}
 44395 | Depths:1 | 44395 ||| Stepping ~*~*~tactically~*~*~ (stealth).
 44400 | Depths:1 | Paralysed by something for 5 turns
 44448 | Depths:1 | Identified the amulet "Vumutt" {Contam rElec Will+++ Regen+
                  | Dex+2}
 44449 | Depths:1 | 44449 ||| Stepping ~*~*~tactically~*~*~ (stealth).
 44450 | Depths:1 | 44450 ||| Stepping ~*~*~tactically~*~*~ (stealth).
 44474 | Depths:1 | 44474 ||| Stepping ~*~*~tactically~*~*~ (stealth).
 44475 | Depths:1 | 44475 ||| Stepping ~*~*~tactically~*~*~ (stealth).
 44519 | Depths:1 | Identified the amulet of Ybaunwin {rF+ Regen+ Str+3 Int+2}
 44522 | Depths:1 | Identified the amulet of Ehamurud {Acrobat Stlth+}
 44609 | Depths:1 | 44609 ||| UPGRADING to amulet "Vumutt" {Contam rElec
                  | Will+++ Regen+ Dex+2}.
 44619 | Depths:1 | 44619 ||| DROPPING amulet of reflection.
 44620 | Depths:1 | 44620 ||| DROPPING amulet of Ehamurud {Acrobat Stlth+}.
 44621 | Depths:1 | 44621 ||| UPGRADING to ring "Wuttut" {rN+ Str+4 Int+4 Dex-2
                  | SInv}.
 44623 | Depths:1 | 44623 ||| READING scroll labelled GYALUM FAIGEA.
 44623 | Depths:1 | Identified a scroll of acquirement
 44623 | Depths:1 | 44623 ||| ACQUIRING +0 helmet of Mojin {rPois rF- Will+
                  | SInv}
 44623 | Depths:1 | Acquired the +0 helmet of Mojin {rPois rF- Will+ SInv}
 44677 | Depths:2 | 44677 ||| INVOKING Heroism.
 44758 | Depths:2 | 44758 ||| INVOKING Heroism.
 44831 | Depths:2 | 44831 ||| Stepping ~*~*~tactically~*~*~ (hiding).
 44883 | Depths:2 | 44883 ||| INVOKING Finesse.
 44888 | Depths:2 | 44888 ||| Stepping ~*~*~tactically~*~*~ (stealth).
 44893 | Depths:2 | 44893 ||| INVOKING Heroism.
 44895 | Depths:2 | 44895 ||| Stepping ~*~*~tactically~*~*~ (stealth).
 44900 | Depths:2 | 44900 ||| Stepping ~*~*~tactically~*~*~ (hiding).
 44917 | Depths:2 | Received a gift from Okawaru
 44985 | Depths:2 | 44985 ||| Stepping ~*~*~tactically~*~*~ (hiding).
 45201 | Depths:2 | Noticed a juggernaut
 45339 | Depths:2 | 45339 ||| Stepping ~*~*~tactically~*~*~ (hiding).
 45340 | Depths:2 | 45340 ||| Stepping ~*~*~tactically~*~*~ (hiding).
 45357 | Depths:2 | 45357 ||| Stepping ~*~*~tactically~*~*~ (stealth).
 45364 | Depths:2 | 45364 ||| Stepping ~*~*~tactically~*~*~ (hiding).
 45375 | Depths:2 | 45375 ||| INVOKING Heroism.
 45408 | Depths:2 | Found Paodwuyrr's Antique Armour Shop.
 45419 | Depths:2 | 45419 ||| BUYING pair of glowing boots (142 gold).
 45419 | Depths:2 | Bought a pair of glowing boots for 142 gold pieces
 45433 | Depths:2 | Found a transporter.
 45450 | Depths:2 | Found an ornate altar of the Wu Jian Council.
 45600 | Depths:2 | Identified the ring of Vattehuq {Ice Str+5}
 45600 | Depths:2 | Noticed Josephina
 45601 | Depths:2 | 45601 ||| INVOKING Heroism.
 45602 | Depths:2 | 45602 ||| INVOKING Finesse.
 45617 | Depths:2 | Killed Josephina
 45775 | Depths:2 | 45775 ||| DROPPING +1 pair of boots of rampaging.
 45847 | Depths:3 | Reached skill level 20 in Fighting
 45883 | Depths:3 | 45883 ||| Stepping ~*~*~tactically~*~*~ (stealth).
 45885 | Depths:3 | 45885 ||| Stepping ~*~*~tactically~*~*~ (hiding).
 45892 | Depths:3 | 45892 ||| INVOKING Heroism.
 45924 | Depths:3 | 45924 ||| Stepping ~*~*~tactically~*~*~ (hiding).
 45963 | Depths:3 | 45963 ||| INVOKING Finesse.
 45970 | Depths:3 | Received a gift from Okawaru
 45974 | Depths:3 | Noticed a caustic shrike
 45974 | Depths:3 | Noticed a caustic shrike
 45975 | Depths:3 | 45975 ||| INVOKING Heroism.
 45976 | Depths:3 | Noticed a caustic shrike
 45976 | Depths:3 | Noticed a caustic shrike
 45977 | Depths:3 | 45977 ||| Stepping ~*~*~tactically~*~*~ (stealth).
 45979 | Depths:3 | Noticed a caustic shrike
 45992 | Depths:3 | Killed a caustic shrike
 45996 | Depths:3 | Noticed Xtahua
 45997 | Depths:3 | 45997 ||| DRINKING 2 potions of resistance.
 45999 | Depths:3 | Killed a caustic shrike
 46000 | Depths:3 | Killed a caustic shrike
 46000 | Depths:3 | Received a gift from Okawaru
 46009 | Depths:3 | HP: 34/152 [acid (5)]
 46010 | Depths:3 | 46010 ||| READING 17 scrolls of teleportation.
 46011 | Depths:3 | 46011 ||| DRINKING 8 potions of heal wounds.
 46013 | Depths:3 | Killed a caustic shrike
 46071 | Depths:3 | 46071 ||| Stepping ~*~*~tactically~*~*~ (stealth).
 46073 | Depths:3 | 46073 ||| DRINKING potion of resistance.
 46075 | Depths:3 | 46075 ||| INVOKING Heroism.
 46083 | Depths:3 | Killed Xtahua
 46232 | Depths:3 | Found a one-way gateway to a ziggurat.
 46233 | Depths:3 | 46233 ||| INVOKING Finesse.
 46235 | Depths:3 | 46235 ||| INVOKING Heroism.
 46236 | Depths:3 | Found a one-way gate to the infinite horrors of the Abyss.
 46236 | Depths:3 | Found a broken altar of Ashenzari.
 46248 | Depths:3 | Killed a caustic shrike
 46248 | Depths:3 | Received a gift from Okawaru
 46251 | Depths:3 | Noticed Parghit
 46253 | Depths:3 | Found a radiant altar of Vehumet.
 46291 | Depths:3 | 46291 ||| INVOKING Finesse.
 46294 | Depths:3 | Killed Parghit
 46296 | Depths:3 | Noticed Frederick
 46297 | Depths:3 | 46297 ||| Stepping ~*~*~tactically~*~*~ (hiding).
 46299 | Depths:3 | 46299 ||| Stepping ~*~*~tactically~*~*~ (hiding).
 46313 | Depths:3 | Killed Frederick
 46348 | Depths:3 | Found a glowing golden altar of the Shining One.
 46392 | Depths:3 | 46392 ||| Stepping ~*~*~tactically~*~*~ (hiding).
 46394 | Depths:3 | 46394 ||| Stepping ~*~*~tactically~*~*~ (hiding).
 46395 | Depths:3 | 46395 ||| INVOKING Heroism.
 46435 | Depths:3 | 46435 ||| Stepping ~*~*~tactically~*~*~ (stealth).
 46438 | Depths:3 | 46438 ||| Stepping ~*~*~tactically~*~*~ (hiding).
 46439 | Depths:3 | 46439 ||| Stepping ~*~*~tactically~*~*~ (hiding).
 46466 | Depths:3 | 46466 ||| Stepping ~*~*~tactically~*~*~ (stealth).
 46502 | Depths:3 | 46502 ||| Stepping ~*~*~tactically~*~*~ (hiding).
 46631 | Depths:3 | 46631 ||| INVOKING Heroism.
 46632 | Depths:3 | 46632 ||| INVOKING Finesse.
 46688 | Depths:3 | 46688 ||| Stepping ~*~*~tactically~*~*~ (hiding).
 46800 | Depths:3 | 46800 ||| Stepping ~*~*~tactically~*~*~ (stealth).
 46805 | Depths:3 | 46805 ||| Stepping ~*~*~tactically~*~*~ (stealth).
 46823 | Depths:3 | Reached skill level 21 in Shields
 46828 | Depths:3 | 46828 ||| INVOKING Heroism.
 46834 | Depths:3 | 46834 ||| Stepping ~*~*~tactically~*~*~ (hiding).
 46835 | Depths:3 | 46835 ||| Stepping ~*~*~tactically~*~*~ (hiding).
 46883 | Depths:3 | 46883 ||| Stepping ~*~*~tactically~*~*~ (stealth).
 46887 | Depths:3 | 46887 ||| Stepping ~*~*~tactically~*~*~ (stealth).
 46925 | Depths:3 | 46925 ||| INVOKING Heroism.
 46938 | Depths:3 | 46938 ||| Stepping ~*~*~tactically~*~*~ (stealth).
 46963 | Depths:3 | 46963 ||| Stepping ~*~*~tactically~*~*~ (hiding).
 46964 | Depths:3 | 46964 ||| INVOKING Finesse.
 47019 | Depths:3 | 47019 ||| INVOKING Heroism.
 47037 | Depths:3 | Received a gift from Okawaru
 47039 | Depths:3 | Noticed a golden dragon
 47040 | Depths:3 | 47040 ||| INVOKING Finesse.
 47055 | Depths:3 | Killed a golden dragon
 47093 | Depths:3 | 47093 ||| Stepping ~*~*~tactically~*~*~ (hiding).
 47097 | Depths:3 | 47097 ||| INVOKING Heroism.
 47098 | Depths:3 | 47098 ||| Stepping ~*~*~tactically~*~*~ (hiding).
 47162 | Depths:3 | Noticed a golden dragon
 47163 | Depths:3 | 47163 ||| Stepping ~*~*~tactically~*~*~ (hiding).
 47166 | Depths:3 | 47166 ||| INVOKING Heroism.
 47167 | Depths:3 | 47167 ||| INVOKING Finesse.
 47175 | Depths:3 | Killed a golden dragon
 47178 | Depths:3 | 47178 ||| Stepping ~*~*~tactically~*~*~ (hiding).
 47231 | Depths:3 | Reached skill level 21 in Fighting
 47254 | Depths:3 | Reached XP level 23. HP: 157/160 MP: 30/30
 47258 | Depths:3 | 47258 ||| Stepping ~*~*~tactically~*~*~ (hiding).
 47259 | Depths:3 | 47259 ||| INVOKING Heroism.
 47260 | Depths:3 | 47260 ||| INVOKING Finesse.
 47317 | Depths:3 | 47317 ||| FLEEEEING.
 47319 | Depths:3 | 47319 ||| Stepping ~*~*~tactically~*~*~ (hiding).
 47325 | Depths:3 | 47325 ||| INVOKING Heroism.
 47372 | Depths:3 | Identified the +5 scale mail "Eqiobianewk" {Rampage rElec
                  | Int-4}
 47384 | Depths:3 | 47384 ||| Stepping ~*~*~tactically~*~*~ (hiding).
 47385 | Depths:3 | 47385 ||| Stepping ~*~*~tactically~*~*~ (hiding).
 47390 | Depths:3 | 47390 ||| INVOKING Heroism.
 47400 | Depths:3 | Noticed a caustic shrike
 47401 | Depths:3 | 47401 ||| Stepping ~*~*~tactically~*~*~ (stealth).
 47405 | Depths:3 | 47405 ||| INVOKING Finesse.
 47414 | Depths:3 | Killed a caustic shrike
 47443 | Depths:3 | Noticed a caustic shrike
 47453 | Depths:3 | Killed a caustic shrike
 47560 | Depths:3 | 47560 ||| Stepping ~*~*~tactically~*~*~ (hiding).
 47582 | Depths:3 | 47582 ||| Stepping ~*~*~tactically~*~*~ (stealth).
 47602 | Depths:3 | 47602 ||| INVOKING Heroism.
 47612 | Depths:3 | Reached skill level 12 in Throwing
 47627 | Depths:3 | 47627 ||| Stepping ~*~*~tactically~*~*~ (stealth).
 47628 | Depths:3 | 47628 ||| Stepping ~*~*~tactically~*~*~ (stealth).
 47633 | Depths:3 | 47633 ||| Stepping ~*~*~tactically~*~*~ (hiding).
 47638 | Depths:3 | 47638 ||| INVOKING Finesse.
 47639 | Depths:3 | 47639 ||| INVOKING Heroism.
 47694 | Depths:3 | 47694 ||| Stepping ~*~*~tactically~*~*~ (stealth).
 47702 | Depths:3 | 47702 ||| READING scroll of enchant weapon.
 47702 | Depths:3 | 47702 ||| ENCHANTING +4 broad axe of protection.
 47707 | Depths:3 | 47707 ||| READING scroll of enchant weapon.
 47707 | Depths:3 | 47707 ||| ENCHANTING +5 broad axe of protection.
 47717 | Depths:3 | 47717 ||| Stepping ~*~*~tactically~*~*~ (stealth).
 47737 | Depths:3 | 47737 ||| INVOKING Heroism.
 47752 | Depths:3 | 47752 ||| INVOKING Finesse.
 47782 | Depths:3 | 47782 ||| INVOKING Heroism.
 47801 | Depths:3 | 47801 ||| INVOKING Finesse.
 47855 | Depths:3 | Identified the +1 scale mail of Tuacopt {rPois Will+ Str-4}
 47869 | Depths:3 | 47869 ||| READING scroll of enchant weapon.
 47869 | Depths:3 | 47869 ||| ENCHANTING +6 broad axe of protection.
 47892 | Depths:3 | 47892 ||| DROPPING +2 plate armour of fire resistance.
 47893 | Depths:3 | 47893 ||| DROPPING +0 plate armour "Cuanipn Uphy" {rElec
                  | Regen+ Str+4}.
 47894 | Depths:3 | 47894 ||| UPGRADING to +8 gold dragon scales.
 47904 | Depths:3 | 47904 ||| DROPPING +4 plate armour of cold resistance.
 47917 | Depths:4 | Entered Level 4 of the Depths
 47940 | Depths:4 | 47940 ||| INVOKING Heroism.
 47963 | Depths:4 | 47963 ||| INVOKING Finesse.
 47967 | Depths:4 | Received a gift from Okawaru
 47980 | Depths:4 | Reached skill level 21 in Armour
 47999 | Depths:4 | 47999 ||| INVOKING Heroism.
 48047 | Depths:4 | Noticed a juggernaut
 48054 | Depths:4 | Killed a juggernaut
 48079 | Depths:4 | 48079 ||| INVOKING Heroism.
 48190 | Depths:4 | 48190 ||| Stepping ~*~*~tactically~*~*~ (stealth).
 48192 | Depths:4 | Found a sparkling altar of Nemelex Xobeh.
 48230 | Depths:4 | 48230 ||| Stepping ~*~*~tactically~*~*~ (stealth).
 48254 | Depths:4 | 48254 ||| INVOKING Heroism.
 48255 | Depths:4 | 48255 ||| INVOKING Finesse.
 48266 | Depths:4 | 48266 ||| Stepping ~*~*~tactically~*~*~ (hiding).
 48276 | Depths:4 | Received a gift from Okawaru
 48301 | Depths:4 | Identified the +1 hat "Plog" {rF+} (Okawaru gifted it to
                  | you on level 4 of the Depths)
 48301 | Depths:4 | Received a gift from Okawaru
 48356 | Depths:4 | 48356 ||| Stepping ~*~*~tactically~*~*~ (stealth).
 48357 | Depths:4 | 48357 ||| Stepping ~*~*~tactically~*~*~ (stealth).
 48361 | Depths:4 | 48361 ||| Stepping ~*~*~tactically~*~*~ (hiding).
 48367 | Depths:4 | 48367 ||| INVOKING Heroism.
 48570 | Depths:4 | Found a gate to the Realm of Zot.
 48644 | Depths:4 | 48644 ||| PLANNING VAULTS:5
 48756 | Depths:1 | 48756 ||| Stepping ~*~*~tactically~*~*~ (stealth).
 48757 | Depths:1 | 48757 ||| Stepping ~*~*~tactically~*~*~ (stealth).
 48758 | Depths:1 | 48758 ||| Stepping ~*~*~tactically~*~*~ (stealth).
 48759 | Depths:1 | 48759 ||| Stepping ~*~*~tactically~*~*~ (stealth).
 48760 | Depths:1 | 48760 ||| Stepping ~*~*~tactically~*~*~ (stealth).
 48761 | Depths:1 | 48761 ||| Stepping ~*~*~tactically~*~*~ (stealth).
 48762 | Depths:1 | 48762 ||| Stepping ~*~*~tactically~*~*~ (stealth).
 48763 | Depths:1 | 48763 ||| Stepping ~*~*~tactically~*~*~ (stealth).
 48764 | Depths:1 | 48764 ||| Stepping ~*~*~tactically~*~*~ (stealth).
 48765 | Depths:1 | 48765 ||| Stepping ~*~*~tactically~*~*~ (stealth).
 48776 | Depths:1 | 48776 ||| INVOKING Heroism.
 49117 | Vaults:5 | Entered Level 5 of the Vaults
 49118 | Vaults:5 | 49118 ||| STAIRDANCE
 49137 | Vaults:5 | 49137 ||| STAIRDANCE
 49139 | Vaults:4 | 49139 ||| INVOKING Heroism.
 49161 | Vaults:5 | 49161 ||| STAIRDANCE
 49194 | Vaults:5 | 49194 ||| STAIRDANCE
 49196 | Vaults:4 | 49196 ||| INVOKING Heroism.
 49221 | Vaults:5 | 49221 ||| STAIRDANCE
 49229 | Vaults:4 | Reached skill level 22 in Fighting
 49264 | Vaults:5 | 49264 ||| INVOKING Heroism.
 49273 | Vaults:5 | Reached XP level 24. HP: 163/168 MP: 29/30
 49327 | Vaults:5 | 49327 ||| Stepping ~*~*~tactically~*~*~ (stealth).
 49331 | Vaults:5 | 49331 ||| Stepping ~*~*~tactically~*~*~ (hiding).
 49332 | Vaults:5 | 49332 ||| Stepping ~*~*~tactically~*~*~ (hiding).
 49335 | Vaults:5 | 49335 ||| INVOKING Heroism.
 49384 | Vaults:5 | 49384 ||| INVOKING Heroism.
 49420 | Vaults:5 | 49420 ||| INVOKING Heroism.
 49447 | Vaults:5 | 49447 ||| READING scroll of enchant weapon.
 49447 | Vaults:5 | 49447 ||| ENCHANTING +7 broad axe of protection.
 49459 | Vaults:5 | 49459 ||| READING scroll of enchant armour.
 49459 | Vaults:5 | 49459 ||| ENCHANTING +8 gold dragon scales.
 49465 | Vaults:5 | Got a silver rune of Zot
 49471 | Vaults:5 | 49471 ||| Stepping ~*~*~tactically~*~*~ (stealth).
 49473 | Vaults:5 | 49473 ||| Stepping ~*~*~tactically~*~*~ (hiding).
 49478 | Vaults:5 | 49478 ||| INVOKING Heroism.
 49499 | Vaults:5 | 49499 ||| Stepping ~*~*~tactically~*~*~ (hiding).
 49527 | Vaults:5 | 49527 ||| INVOKING Heroism.
 49548 | Vaults:5 | 49548 ||| Stepping ~*~*~tactically~*~*~ (hiding).
 49556 | Vaults:5 | Noticed a dread lich
 49557 | Vaults:5 | 49557 ||| INVOKING Heroism.
 49558 | Vaults:5 | 49558 ||| INVOKING Finesse.
 49566 | Vaults:5 | Killed a dread lich
 49631 | Vaults:5 | 49631 ||| Stepping ~*~*~tactically~*~*~ (hiding).
 49633 | Vaults:5 | 49633 ||| INVOKING Heroism.
 49667 | Vaults:5 | 49667 ||| Stepping ~*~*~tactically~*~*~ (hiding).
 49668 | Vaults:5 | 49668 ||| Stepping ~*~*~tactically~*~*~ (hiding).
 49683 | Vaults:5 | 49683 ||| Stepping ~*~*~tactically~*~*~ (hiding).
 49736 | Vaults:5 | 49736 ||| Stepping ~*~*~tactically~*~*~ (stealth).
 49749 | Vaults:5 | 49749 ||| INVOKING Heroism.
 49807 | Vaults:5 | 49807 ||| INVOKING Heroism.
 49815 | Vaults:5 | Received a gift from Okawaru
 49856 | Vaults:5 | Identified the +1 trident of Befrer {elec, rElec rC+ Str+7
                  | Dex-2}
 49891 | Vaults:5 | 49891 ||| Stepping ~*~*~tactically~*~*~ (hiding).
 49962 | Vaults:5 | Received a gift from Okawaru
 49969 | Vaults:5 | 49969 ||| DROPPING +2 broad axe of draining.
 50211 | Vaults:5 | 50211 ||| Stepping ~*~*~tactically~*~*~ (hiding).
 50212 | Vaults:5 | 50212 ||| Stepping ~*~*~tactically~*~*~ (hiding).
 50216 | Vaults:5 | 50216 ||| INVOKING Heroism.
 50240 | Vaults:5 | Identified the ring of Sunlight {rC+ Dex+4}
 50279 | Vaults:5 | Identified the +7 war axe "Wudwes" {spect, *Noise rPois
                  | rF++ rCorr}
 50287 | Vaults:5 | Identified the +6 sling of Reapportionment {freeze, rPois}
 50293 | Vaults:5 | 50293 ||| DROPPING +0 broad axe of freezing.
 50348 | Vaults:5 | 50348 ||| INVOKING Heroism.
 50360 | Vaults:5 | Reached skill level 23 in Fighting
 50437 | Vaults:5 | 50437 ||| READING scroll of enchant weapon.
 50437 | Vaults:5 | 50437 ||| ENCHANTING +8 broad axe of protection.
 50503 | Vaults:5 | 50503 ||| Stepping ~*~*~tactically~*~*~ (hiding).
 50507 | Vaults:5 | 50507 ||| INVOKING Heroism.
 50624 | Vaults:5 | Identified the +6 mace of the Arena {drain, rF++ rN++}
 50847 | Vaults:5 | 50847 ||| PLANNING SHOPPING SPREE
 50847 | Vaults:5 | 50847 ||| DROPPING +0 pair of boots of stealth.
 50848 | Vaults:5 | 50848 ||| DROPPING +4 ring of evasion.
 50849 | Vaults:5 | 50849 ||| DROPPING ring of protection from cold.
 51092 | D:10     | 51092 ||| Stepping ~*~*~tactically~*~*~ (hiding).
 51312 | D:4      | 51312 ||| BUYING potion of mutation (112 gold).
 51312 | D:4      | Bought a potion of mutation for 112 gold pieces
 51312 | D:4      | 51312 ||| PLANNING ZOT:1-4
 51660 | Zot:1    | Entered Level 1 of the Realm of Zot
 51664 | Zot:1    | 51664 ||| Stepping ~*~*~tactically~*~*~ (hiding).
 51668 | Zot:1    | 51668 ||| Stepping ~*~*~tactically~*~*~ (stealth).
 51669 | Zot:1    | 51669 ||| Stepping ~*~*~tactically~*~*~ (stealth).
 51730 | Zot:1    | 51730 ||| INVOKING Heroism.
 51773 | Zot:1    | 51773 ||| Stepping ~*~*~tactically~*~*~ (hiding).
 51774 | Zot:1    | 51774 ||| Stepping ~*~*~tactically~*~*~ (stealth).
 51775 | Zot:1    | 51775 ||| Stepping ~*~*~tactically~*~*~ (hiding).
 51776 | Zot:1    | 51776 ||| Stepping ~*~*~tactically~*~*~ (hiding).
 51777 | Zot:1    | 51777 ||| Stepping ~*~*~tactically~*~*~ (hiding).
 51826 | Zot:1    | 51826 ||| Stepping ~*~*~tactically~*~*~ (stealth).
 51887 | Zot:1    | 51887 ||| INVOKING Heroism.
 51888 | Zot:1    | Received a gift from Okawaru
 52011 | Zot:1    | 52011 ||| Stepping ~*~*~tactically~*~*~ (hiding).
 52022 | Zot:1    | 52022 ||| INVOKING Heroism.
 52079 | Zot:1    | 52079 ||| INVOKING Heroism.
 52090 | Zot:1    | 52090 ||| Stepping ~*~*~tactically~*~*~ (hiding).
 52093 | Zot:1    | 52093 ||| Stepping ~*~*~tactically~*~*~ (hiding).
 52202 | Zot:1    | 52202 ||| Stepping ~*~*~tactically~*~*~ (hiding).
 52203 | Zot:1    | 52203 ||| Stepping ~*~*~tactically~*~*~ (hiding).
 52281 | Zot:1    | 52281 ||| Stepping ~*~*~tactically~*~*~ (hiding).
 52299 | Zot:1    | 52299 ||| INVOKING Heroism.
 52330 | Zot:1    | 52330 ||| Stepping ~*~*~tactically~*~*~ (stealth).
 52339 | Zot:1    | 52339 ||| Stepping ~*~*~tactically~*~*~ (hiding).
 52353 | Zot:1    | Reached XP level 25. HP: 166/178 MP: 30/30
 52355 | Zot:1    | 52355 ||| INVOKING Heroism.
 52369 | Zot:1    | Received a gift from Okawaru
 52383 | Zot:1    | Reached skill level 24 in Fighting
 52431 | Zot:1    | 52431 ||| Stepping ~*~*~tactically~*~*~ (stealth).
 52461 | Zot:1    | 52461 ||| Stepping ~*~*~tactically~*~*~ (stealth).
 52462 | Zot:1    | 52462 ||| Stepping ~*~*~tactically~*~*~ (stealth).
 52464 | Zot:1    | 52464 ||| Stepping ~*~*~tactically~*~*~ (hiding).
 52465 | Zot:1    | 52465 ||| Stepping ~*~*~tactically~*~*~ (hiding).
 52466 | Zot:1    | 52466 ||| Stepping ~*~*~tactically~*~*~ (hiding).
 52508 | Zot:1    | 52508 ||| INVOKING Heroism.
 52603 | Zot:1    | 52603 ||| READING scroll of enchant armour.
 52603 | Zot:1    | 52603 ||| ENCHANTING +9 gold dragon scales.
 52848 | Zot:1    | You are sucked into a shaft and drop 1 floor!
 52852 | Zot:2    | 52852 ||| INVOKING Heroism.
 53030 | Zot:2    | 53030 ||| STAIRDANCE
 53157 | Zot:2    | 53157 ||| INVOKING Heroism.
 53165 | Zot:2    | Received a gift from Okawaru
 53320 | Zot:2    | 53320 ||| Stepping ~*~*~tactically~*~*~ (hiding).
 53323 | Zot:2    | 53323 ||| INVOKING Heroism.
 53493 | Zot:2    | 53493 ||| Stepping ~*~*~tactically~*~*~ (hiding).
 53497 | Zot:2    | 53497 ||| INVOKING Heroism.
 53503 | Zot:2    | Received a gift from Okawaru
 53557 | Zot:2    | 53557 ||| INVOKING Heroism.
 53626 | Zot:2    | 53626 ||| Stepping ~*~*~tactically~*~*~ (hiding).
 53629 | Zot:2    | 53629 ||| INVOKING Heroism.
 53641 | Zot:2    | Received a gift from Okawaru
 53690 | Zot:2    | 53690 ||| Stepping ~*~*~tactically~*~*~ (hiding).
 53866 | Zot:2    | 53866 ||| INVOKING Heroism.
 53868 | Zot:2    | 53868 ||| Stepping ~*~*~tactically~*~*~ (hiding).
 53887 | Zot:2    | 53887 ||| INVOKING Heroism.
 53944 | Zot:2    | 53944 ||| Stepping ~*~*~tactically~*~*~ (hiding).
 53947 | Zot:2    | 53947 ||| INVOKING Heroism.
 54029 | Zot:2    | 54029 ||| Stepping ~*~*~tactically~*~*~ (hiding).
 54035 | Zot:2    | 54035 ||| INVOKING Heroism.
 54067 | Zot:2    | 54067 ||| Stepping ~*~*~tactically~*~*~ (hiding).
 54152 | Zot:3    | 54152 ||| Stepping ~*~*~tactically~*~*~ (hiding).
 54174 | Zot:3    | Received a gift from Okawaru
 54314 | Zot:3    | 54314 ||| INVOKING Heroism.
 54329 | Zot:3    | Reached skill level 25 in Fighting
 54350 | Zot:3    | 54350 ||| DRINKING 3 potions of cancellation.
 54546 | Zot:3    | 54546 ||| Stepping ~*~*~tactically~*~*~ (stealth).
 54548 | Zot:3    | 54548 ||| Stepping ~*~*~tactically~*~*~ (stealth).
 54552 | Zot:3    | 54552 ||| Stepping ~*~*~tactically~*~*~ (hiding).
 54872 | Zot:3    | 54872 ||| Stepping ~*~*~tactically~*~*~ (hiding).
 54875 | Zot:3    | 54875 ||| INVOKING Heroism.
 54882 | Zot:3    | Received a gift from Okawaru
 54893 | Zot:3    | Reached skill level 9 in Dodging
 54923 | Zot:3    | 54923 ||| INVOKING Heroism.
 55011 | Zot:3    | 55011 ||| INVOKING Heroism.
 55054 | Zot:3    | 55054 ||| INVOKING Heroism.
 55233 | Zot:3    | 55233 ||| INVOKING Heroism.
 55574 | Zot:4    | 55574 ||| Stepping ~*~*~tactically~*~*~ (hiding).
 55575 | Zot:4    | 55575 ||| Stepping ~*~*~tactically~*~*~ (hiding).
 55576 | Zot:4    | 55576 ||| Stepping ~*~*~tactically~*~*~ (hiding).
 55579 | Zot:4    | Noticed a Killer Klown
 55580 | Zot:4    | 55580 ||| INVOKING Heroism.
 55581 | Zot:4    | 55581 ||| INVOKING Finesse.
 55603 | Zot:4    | Received a gift from Okawaru
 55608 | Zot:4    | Killed a Killer Klown
 55609 | Zot:4    | Reached skill level 15 in Throwing
 55630 | Zot:4    | Noticed a Killer Klown
 55631 | Zot:4    | 55631 ||| INVOKING Heroism.
 55632 | Zot:4    | 55632 ||| INVOKING Finesse.
 55642 | Zot:4    | Killed a Killer Klown
 55761 | Zot:4    | 55761 ||| Stepping ~*~*~tactically~*~*~ (hiding).
 55762 | Zot:4    | 55762 ||| Stepping ~*~*~tactically~*~*~ (hiding).
 55765 | Zot:4    | 55765 ||| INVOKING Heroism.
 55783 | Zot:4    | Identified the +4 battleaxe "Waxysches" {vorpal, Will-
                  | Str+4} (Okawaru gifted it to you on level 4 of the Realm of
                  | Zot)
 55783 | Zot:4    | Received a gift from Okawaru
 55791 | Zot:4    | 55791 ||| INVOKING Heroism.
 55913 | Zot:4    | Reached XP level 26. HP: 188/188 MP: 9/30
 56240 | Zot:4    | 56240 ||| INVOKING Heroism.
 56485 | Zot:4    | 56485 ||| PLANNING THE SHINING ONE WORSHIP
 56629 | Depths:3 | Fell from the grace of Okawaru
 56629 | Depths:3 | Became a worshipper of the Shining One
 56630 | Depths:3 | 56630 ||| PLANNING CRYPT
 56837 | Crypt:1  | Entered Level 1 of the Crypt
 56879 | Crypt:1  | 56879 ||| Stepping ~*~*~tactically~*~*~ (stealth).
 56946 | Crypt:1  | Reached * piety under the Shining One
 56947 | Crypt:1  | 56947 ||| Stepping ~*~*~tactically~*~*~ (hiding).
 57005 | Crypt:1  | 57005 ||| Stepping ~*~*~tactically~*~*~ (stealth).
 57006 | Crypt:1  | 57006 ||| Stepping ~*~*~tactically~*~*~ (stealth).
 57021 | Crypt:1  | Reached ** piety under the Shining One
 57189 | Crypt:1  | 57189 ||| Stepping ~*~*~tactically~*~*~ (hiding).
 57224 | Crypt:1  | Reached *** piety under the Shining One
 57278 | Crypt:1  | Reached skill level 12 in Invocations
 57305 | Crypt:1  | 57305 ||| Stepping ~*~*~tactically~*~*~ (stealth).
 57357 | Crypt:1  | 57357 ||| Stepping ~*~*~tactically~*~*~ (stealth).
 57358 | Crypt:1  | 57358 ||| Stepping ~*~*~tactically~*~*~ (stealth).
 57360 | Crypt:1  | 57360 ||| Stepping ~*~*~tactically~*~*~ (hiding).
 57361 | Crypt:1  | 57361 ||| Stepping ~*~*~tactically~*~*~ (hiding).
 57500 | Crypt:1  | 57500 ||| Stepping ~*~*~tactically~*~*~ (stealth).
 57688 | Crypt:1  | Reached **** piety under the Shining One
 57689 | Crypt:1  | 57689 ||| Stepping ~*~*~tactically~*~*~ (hiding).
 57714 | Crypt:1  | 57714 ||| UPGRADING to ring of Vattehuq {Ice Str+5}.
 57723 | Crypt:1  | 57723 ||| INVOKING Cleansing Flame.
 57724 | Crypt:1  | 57724 ||| INVOKING Cleansing Flame.
 57728 | Crypt:1  | 57728 ||| INVOKING Cleansing Flame.
 57736 | Crypt:1  | 57736 ||| INVOKING Cleansing Flame.
 57737 | Crypt:1  | 57737 ||| INVOKING Cleansing Flame.
 57888 | Crypt:1  | Reached ***** piety under the Shining One
 57888 | Crypt:1  | Found a corrupted altar of Lugonu.
 57923 | Crypt:1  | 57923 ||| READING scroll of enchant armour.
 57923 | Crypt:1  | 57923 ||| ENCHANTING +10 gold dragon scales.
 58099 | Crypt:1  | 58099 ||| DROPPING +0 helmet of Mojin {rPois rF- Will+
                  | SInv}.
 58100 | Crypt:1  | 58100 ||| DROPPING +1 helmet of see invisible.
 58101 | Crypt:1  | 58101 ||| UPGRADING to +4 ring of slaying {mikee}.
 58103 | Crypt:1  | 58103 ||| DROPPING ring "Wuttut" {rN+ Str+4 Int+4 Dex-2
                  | SInv}.
 58171 | Crypt:2  | Noticed Vv
 58172 | Crypt:2  | 58172 ||| Stepping ~*~*~tactically~*~*~ (hiding).
 58173 | Crypt:2  | 58173 ||| DRINKING potion of resistance.
 58174 | Crypt:2  | 58174 ||| INVOKING Summon Divine Warrior.
 58175 | Crypt:2  | 58175 ||| INVOKING Summon Divine Warrior.
 58184 | Crypt:2  | 58184 ||| INVOKING Summon Divine Warrior.
 58191 | Crypt:2  | Killed Vv
 58319 | Crypt:2  | 58319 ||| Stepping ~*~*~tactically~*~*~ (stealth).
 58400 | Crypt:2  | 58400 ||| INVOKING Summon Divine Warrior.
 58440 | Crypt:2  | Noticed Boris
 58445 | Crypt:2  | Noticed a royal mummy
 58449 | Crypt:2  | 58449 ||| INVOKING Cleansing Flame.
 58450 | Crypt:2  | 58450 ||| INVOKING Cleansing Flame.
 58451 | Crypt:2  | 58451 ||| INVOKING Cleansing Flame.
 58452 | Crypt:2  | 58452 ||| INVOKING Cleansing Flame.
 58452 | Crypt:2  | Killed Boris
 58455 | Crypt:2  | 58455 ||| INVOKING Cleansing Flame.
 58457 | Crypt:2  | 58457 ||| INVOKING Cleansing Flame.
 58458 | Crypt:2  | 58458 ||| INVOKING Cleansing Flame.
 58459 | Crypt:2  | 58459 ||| INVOKING Cleansing Flame.
 58460 | Crypt:2  | 58460 ||| INVOKING Cleansing Flame.
 58460 | Crypt:2  | Killed a royal mummy
 58884 | Crypt:2  | Reached skill level 15 in Invocations
 58920 | Crypt:2  | 58920 ||| Stepping ~*~*~tactically~*~*~ (stealth).
 58922 | Crypt:2  | 58922 ||| Stepping ~*~*~tactically~*~*~ (stealth).
 58924 | Crypt:2  | 58924 ||| Stepping ~*~*~tactically~*~*~ (hiding).
 58981 | Crypt:2  | 58981 ||| Stepping ~*~*~tactically~*~*~ (hiding).
 59239 | Crypt:2  | Found an ancient bone altar of Kikubaaqudgha.
 59239 | Crypt:2  | Reached ****** piety under the Shining One
 59243 | Crypt:2  | 59243 ||| INVOKING Brand Weapon With Holy Wrath.
 59243 | Crypt:2  | Identified a +9 broad axe of holy wrath (a +9 broad axe of
                  | protection blessed by the Shining One)
 59243 | Crypt:2  | Received a gift from the Shining One
 59540 | Crypt:3  | Entered Level 3 of the Crypt
 59752 | Crypt:3  | 59752 ||| Stepping ~*~*~tactically~*~*~ (hiding).
 59769 | Crypt:3  | 59769 ||| Stepping ~*~*~tactically~*~*~ (stealth).
 59772 | Crypt:3  | 59772 ||| Stepping ~*~*~tactically~*~*~ (stealth).
 59773 | Crypt:3  | 59773 ||| Stepping ~*~*~tactically~*~*~ (stealth).
 59777 | Crypt:3  | 59777 ||| Stepping ~*~*~tactically~*~*~ (stealth).
 59778 | Crypt:3  | 59778 ||| Stepping ~*~*~tactically~*~*~ (stealth).
 59884 | Crypt:3  | 59884 ||| Stepping ~*~*~tactically~*~*~ (hiding).
 60013 | Crypt:3  | 60013 ||| Stepping ~*~*~tactically~*~*~ (hiding).
 60043 | Crypt:3  | 60043 ||| Stepping ~*~*~tactically~*~*~ (stealth).
 60045 | Crypt:3  | 60045 ||| Stepping ~*~*~tactically~*~*~ (hiding).
 60083 | Crypt:3  | 60083 ||| Stepping ~*~*~tactically~*~*~ (hiding).
 60336 | Crypt:3  | 60336 ||| Stepping ~*~*~tactically~*~*~ (stealth).
 60339 | Crypt:3  | 60339 ||| Stepping ~*~*~tactically~*~*~ (stealth).
 60348 | Crypt:3  | 60348 ||| Stepping ~*~*~tactically~*~*~ (hiding).
 60352 | Crypt:3  | Noticed Zenata
 60366 | Crypt:3  | Killed Zenata
 60367 | Crypt:3  | Reached XP level 27. HP: 119/195 MP: 35/35
 60663 | Crypt:3  | 60663 ||| Stepping ~*~*~tactically~*~*~ (hiding).
 60664 | Crypt:3  | 60664 ||| Stepping ~*~*~tactically~*~*~ (hiding).
 60667 | Crypt:3  | 60667 ||| INVOKING Summon Divine Warrior.
 60671 | Crypt:3  | 60671 ||| INVOKING Cleansing Flame.
 60719 | Crypt:3  | Noticed an ancient lich
 60725 | Crypt:3  | 60725 ||| INVOKING Cleansing Flame.
 60726 | Crypt:3  | 60726 ||| INVOKING Cleansing Flame.
 60727 | Crypt:3  | 60727 ||| INVOKING Cleansing Flame.
 60728 | Crypt:3  | 60728 ||| INVOKING Cleansing Flame.
 60728 | Crypt:3  | Killed an ancient lich
 60775 | Crypt:3  | Noticed Margery
 60785 | Crypt:3  | Killed Margery
 60786 | Crypt:3  | Found an ancient bone altar of Kikubaaqudgha.
 60848 | Crypt:3  | Identified the ring "Leox" {rElec rF- rN+ MP+9}
 60848 | Crypt:3  | Identified the amulet of Bugadula {rPois Regen+ rCorr
                  | Stlth+}
 60848 | Crypt:3  | Identified the ring "Himecu" {rN+ Slay+4}
 60882 | Crypt:3  | 60882 ||| Stepping ~*~*~tactically~*~*~ (hiding).
 60883 | Crypt:3  | 60883 ||| Stepping ~*~*~tactically~*~*~ (hiding).
 60887 | Crypt:3  | 60887 ||| INVOKING Summon Divine Warrior.
 60932 | Crypt:3  | Found a staircase to the Tomb.
 61096 | Crypt:3  | 61096 ||| DROPPING ring "Leox" {rElec rF- rN+ MP+9}.
 61097 | Crypt:3  | 61097 ||| DROPPING ring "Himecu" {rN+ Slay+4}.
 61151 | Crypt:2  | Found an ancient bone altar of Kikubaaqudgha.
 61154 | Crypt:2  | 61154 ||| PLANNING TOMB
 61235 | Tomb:1   | Entered Level 1 of the Tomb of the Ancients
 61750 | Tomb:1   | 61750 ||| INVOKING Summon Divine Warrior.
 61750 | Tomb:1   | Noticed a royal mummy
 61755 | Tomb:1   | 61755 ||| INVOKING Cleansing Flame.
 61758 | Tomb:1   | 61758 ||| INVOKING Cleansing Flame.
 61759 | Tomb:1   | 61759 ||| INVOKING Cleansing Flame.
 61762 | Tomb:1   | Killed a royal mummy
 61763 | Tomb:1   | 61763 ||| INVOKING Cleansing Flame.
 61770 | Tomb:1   | 61770 ||| Stepping randomly (cloudy).
 61870 | Tomb:1   | 61870 ||| INVOKING Cleansing Flame.
 62071 | Tomb:2   | 62071 ||| DRINKING 5 potions of haste.
 62072 | Tomb:2   | 62072 ||| DRINKING 5 potions of attraction.
 62073 | Tomb:2   | 62073 ||| INVOKING Cleansing Flame.
 62074 | Tomb:2   | 62074 ||| INVOKING Summon Divine Warrior.
 62076 | Tomb:2   | Noticed a royal mummy
 62076 | Tomb:2   | Noticed a royal mummy
 62077 | Tomb:2   | 62077 ||| INVOKING Cleansing Flame.
 62078 | Tomb:2   | Reached skill level 18 in Invocations
 62078 | Tomb:2   | Noticed a royal mummy
 62078 | Tomb:2   | Noticed a royal mummy
 62078 | Tomb:2   | Noticed a royal mummy
 62083 | Tomb:2   | 62083 ||| INVOKING Cleansing Flame.
 62085 | Tomb:2   | 62085 ||| INVOKING Cleansing Flame.
 62085 | Tomb:2   | Killed a royal mummy
 62087 | Tomb:2   | Killed a royal mummy
 62090 | Tomb:2   | Killed a royal mummy
 62092 | Tomb:2   | Killed a royal mummy
 62093 | Tomb:2   | 62093 ||| INVOKING Cleansing Flame.
 62094 | Tomb:2   | Killed a royal mummy
 62185 | Tomb:2   | 62185 ||| INVOKING Cleansing Flame.
 62186 | Tomb:2   | 62186 ||| INVOKING Cleansing Flame.
 62193 | Tomb:2   | 62193 ||| INVOKING Cleansing Flame.
 62218 | Tomb:2   | 62218 ||| READING scroll of enchant armour.
 62218 | Tomb:2   | 62218 ||| ENCHANTING +11 gold dragon scales.
 62420 | Tomb:2   | Identified the +7 broad axe "Lintezxe" {vorpal, rC+}
 62509 | Tomb:2   | 62509 ||| DROPPING +2 hat.
 62565 | Tomb:1   | Noticed a royal mummy
 62566 | Tomb:1   | 62566 ||| INVOKING Cleansing Flame.
 62567 | Tomb:1   | 62567 ||| INVOKING Summon Divine Warrior.
 62570 | Tomb:1   | Killed a royal mummy
 62628 | Tomb:1   | Noticed a royal mummy
 62628 | Tomb:1   | Noticed a royal mummy
 62631 | Tomb:1   | Killed a royal mummy
 62632 | Tomb:1   | 62632 ||| INVOKING Cleansing Flame.
 62635 | Tomb:1   | Killed a royal mummy
 62704 | Tomb:1   | Noticed a royal mummy
 62711 | Tomb:1   | 62711 ||| INVOKING Cleansing Flame.
 62712 | Tomb:1   | 62712 ||| INVOKING Cleansing Flame.
 62713 | Tomb:1   | Killed a royal mummy
 62728 | Tomb:1   | Noticed a royal mummy
 62731 | Tomb:1   | Noticed a royal mummy
 62732 | Tomb:1   | 62732 ||| INVOKING Cleansing Flame.
 62734 | Tomb:1   | Killed a royal mummy
 62735 | Tomb:1   | Noticed a royal mummy
 62736 | Tomb:1   | 62736 ||| INVOKING Cleansing Flame.
 62737 | Tomb:1   | Noticed a royal mummy
 62738 | Tomb:1   | Noticed a royal mummy
 62738 | Tomb:1   | Killed a royal mummy
 62741 | Tomb:1   | Killed a royal mummy
 62742 | Tomb:1   | 62742 ||| INVOKING Cleansing Flame.
 62743 | Tomb:1   | 62743 ||| INVOKING Cleansing Flame.
 62744 | Tomb:1   | 62744 ||| INVOKING Cleansing Flame.
 62745 | Tomb:1   | 62745 ||| INVOKING Cleansing Flame.
 62746 | Tomb:1   | 62746 ||| INVOKING Cleansing Flame.
 62746 | Tomb:1   | Killed a royal mummy
 62748 | Tomb:1   | 62748 ||| INVOKING Cleansing Flame.
 62749 | Tomb:1   | 62749 ||| INVOKING Cleansing Flame.
 62749 | Tomb:1   | Killed a royal mummy
 62905 | Tomb:1   | Noticed a royal mummy
 62905 | Tomb:1   | Noticed a royal mummy
 62906 | Tomb:1   | 62906 ||| INVOKING Summon Divine Warrior.
 62913 | Tomb:1   | Killed a royal mummy
 62916 | Tomb:1   | Killed a royal mummy
 63044 | Tomb:1   | Noticed a royal mummy
 63045 | Tomb:1   | 63045 ||| INVOKING Summon Divine Warrior.
 63048 | Tomb:1   | 63048 ||| INVOKING Cleansing Flame.
 63051 | Tomb:1   | Killed a royal mummy
 63096 | Tomb:1   | Noticed a royal mummy
 63103 | Tomb:1   | 63103 ||| INVOKING Cleansing Flame.
 63104 | Tomb:1   | 63104 ||| INVOKING Cleansing Flame.
 63104 | Tomb:1   | Noticed a royal mummy
 63105 | Tomb:1   | 63105 ||| INVOKING Cleansing Flame.
 63105 | Tomb:1   | Killed a royal mummy
 63109 | Tomb:1   | 63109 ||| INVOKING Cleansing Flame.
 63113 | Tomb:1   | Noticed a royal mummy
 63116 | Tomb:1   | Killed a royal mummy
 63117 | Tomb:1   | Reached skill level 21 in Invocations
 63118 | Tomb:1   | Noticed a royal mummy
 63119 | Tomb:1   | 63119 ||| INVOKING Cleansing Flame.
 63127 | Tomb:1   | Noticed a royal mummy
 63129 | Tomb:1   | Killed a royal mummy
 63131 | Tomb:1   | 63131 ||| INVOKING Cleansing Flame.
 63132 | Tomb:1   | 63132 ||| DRINKING 6 potions of magic.
 63133 | Tomb:1   | 63133 ||| INVOKING Cleansing Flame.
 63134 | Tomb:1   | 63134 ||| INVOKING Cleansing Flame.
 63136 | Tomb:1   | Killed a royal mummy
 63137 | Tomb:1   | 63137 ||| INVOKING Cleansing Flame.
 63143 | Tomb:1   | Killed a royal mummy
 63255 | Tomb:1   | Was forgiven by Okawaru
 63292 | Tomb:1   | 63292 ||| Stepping ~*~*~tactically~*~*~ (hiding).
 72252 | Tomb:1   | Glimpsed the power of Zot.
 72752 | Tomb:1   | Glimpsed the power of Zot.
 73152 | Tomb:1   | Glimpsed the power of Zot.
 73252 | Tomb:1   | Touched by the power of Zot.
 73253 | Tomb:1   | Glimpsed the power of Zot.
 73753 | Tomb:1   | Glimpsed the power of Zot.
 74153 | Tomb:1   | Glimpsed the power of Zot.
 74252 | Tomb:1   | Touched by the power of Zot.
 74253 | Tomb:1   | Glimpsed the power of Zot.
 74753 | Tomb:1   | Glimpsed the power of Zot.
 75153 | Tomb:1   | Glimpsed the power of Zot.
 75252 | Tomb:1   | Touched by the power of Zot.
 75253 | Tomb:1   | Glimpsed the power of Zot.
 75753 | Tomb:1   | Glimpsed the power of Zot.
 76153 | Tomb:1   | Glimpsed the power of Zot.
 76252 | Tomb:1   | Touched by the power of Zot.
 76253 | Tomb:1   | Glimpsed the power of Zot.
 76753 | Tomb:1   | Glimpsed the power of Zot.
 77153 | Tomb:1   | Glimpsed the power of Zot.
 77252 | Tomb:1   | Touched by the power of Zot.
 77253 | Tomb:1   | Glimpsed the power of Zot.
 77753 | Tomb:1   | Glimpsed the power of Zot.
 78153 | Tomb:1   | Glimpsed the power of Zot.
 78252 | Tomb:1   | Touched by the power of Zot.
 78253 | Tomb:1   | Glimpsed the power of Zot.
 78753 | Tomb:1   | Glimpsed the power of Zot.
 79153 | Tomb:1   | Glimpsed the power of Zot.
 79252 | Tomb:1   | Touched by the power of Zot.
 79253 | Tomb:1   | Glimpsed the power of Zot.
 79753 | Tomb:1   | Glimpsed the power of Zot.
 80153 | Tomb:1   | Glimpsed the power of Zot.
 80252 | Tomb:1   | Touched by the power of Zot.
 80253 | Tomb:1   | Glimpsed the power of Zot.
 80753 | Tomb:1   | Glimpsed the power of Zot.
 81153 | Tomb:1   | Glimpsed the power of Zot.
 81252 | Tomb:1   | Touched by the power of Zot.
 81253 | Tomb:1   | Glimpsed the power of Zot.
 81753 | Tomb:1   | Glimpsed the power of Zot.
 82153 | Tomb:1   | Glimpsed the power of Zot.
 82252 | Tomb:1   | Touched by the power of Zot.
 82253 | Tomb:1   | Glimpsed the power of Zot.
 82753 | Tomb:1   | Glimpsed the power of Zot.
 83153 | Tomb:1   | Glimpsed the power of Zot.
 83252 | Tomb:1   | Touched by the power of Zot.
 83253 | Tomb:1   | Glimpsed the power of Zot.
 83753 | Tomb:1   | Glimpsed the power of Zot.
 84153 | Tomb:1   | Glimpsed the power of Zot.
 84252 | Tomb:1   | Touched by the power of Zot.
 84253 | Tomb:1   | Glimpsed the power of Zot.
 84753 | Tomb:1   | Glimpsed the power of Zot.
 85153 | Tomb:1   | Glimpsed the power of Zot.
 85252 | Tomb:1   | Touched by the power of Zot.
 85253 | Tomb:1   | Glimpsed the power of Zot.
 85753 | Tomb:1   | Glimpsed the power of Zot.
 86153 | Tomb:1   | Glimpsed the power of Zot.
 86252 | Tomb:1   | Touched by the power of Zot.
 86253 | Tomb:1   | Glimpsed the power of Zot.
 86753 | Tomb:1   | Glimpsed the power of Zot.
 87153 | Tomb:1   | Glimpsed the power of Zot.
 87252 | Tomb:1   | Touched by the power of Zot.
 87253 | Tomb:1   | Glimpsed the power of Zot.
 87753 | Tomb:1   | Glimpsed the power of Zot.
 88153 | Tomb:1   | Glimpsed the power of Zot.
 88252 | Tomb:1   | Touched by the power of Zot.
 88253 | Tomb:1   | Glimpsed the power of Zot.
 88753 | Tomb:1   | Glimpsed the power of Zot.
 89153 | Tomb:1   | Glimpsed the power of Zot.
 89252 | Tomb:1   | Touched by the power of Zot.
 89253 | Tomb:1   | Glimpsed the power of Zot.
 89753 | Tomb:1   | Glimpsed the power of Zot.
 90153 | Tomb:1   | Glimpsed the power of Zot.
 90252 | Tomb:1   | Touched by the power of Zot.
 90253 | Tomb:1   | Quit the game

Levels and vault maps discovered:
D:1:      minmay_arrival_hallway, layout_basic, minmay_tromino_v4_a
D:2:      layout_basic, chequers_ecumenical_altar_lobes, grunt_ministairs_2
D:3:      layout_loops_ring, okawaru_ov_weapons_minmay, minivault_27,
          corexii_item_surrounded_by_moat
D:4:      minmay_recursive_quarters, layout_loops_ring, serial_shops,
          shop_fountains, kennysheep_generic_room_10, uniq_ijyb
D:5:      cheibrodos_fzero, layout_loops_ring, led_xom_imps,
          minmay_temple_entry_gardened_gates, minmay_misc_feat_rugged,
          nicolae_underground_beach, uniq_crazy_yiuf_cottage, uniq_eustachio
D:6:      layout_cave_pools, grunt_temple_overflow_open
D:7:      layout_loops_ring, grunt_temple_overflow_growth_and_decay
D:8:      layout_basic, uniq_pikel
D:9:      layout_irregular_city, zombieorc2_lemuel, minmay_circle_x
D:10:     layout_irregular_city, minmay_lair_entry_grove, kb_rosetta
D:11:     layout_rooms, uniq_urug
D:12:     layout_stronghold, minmay_misc_feat_x, minmay_increasing_density,
          uniq_snorg
D:13:     layout_basic, item_on_display_a
D:14:     layout_basic, david_vaults_3, serial_shops, shop,
          minmay_staircase_windowed_small, nicolae_ru_the_path_less_chosen,
          uniq_louise
D:15:     hangedman_depths_entry_civil_slaughter, layout_basic, serial_shops,
          nicolae_shop_bloodbath_and_beyond, kennysheep_two_boxes
Lair:1:   wad_woods_structure_01, layout_layer_cave,
          dreamdust_deal_with_the_devil, serial_bayou_crossing, uniq_grum
Lair:2:   layout_roguey, nicolae_swamp_entry_splash_gauntlet,
          spider_nest_entry_webs, basic_altar, patterned_corridor,
          serial_bayou_shore_a, uniq_amaemon
Lair:3:   layout_layer_cave, grunt_megastairs_4, lemuel_fruit_fields
Lair:4:   layout_gridlike, infiniplex_staircase_pool_2
Lair:5:   cheibrodos_lair_end_hotspot, layout_gridlike,
          minmay_slime_entry_oklob_open, ebering_ghost_inner_flame,
          nicolae_quartered_pool_medium, uniq_kirke
Swamp:1:  layout_falls_marsh, evilmike_swamp_ruin_house_5, uniq_donald
Swamp:2:  layout_basic_swamp, evilmike_swamp_ruin_house_1
Swamp:3:  layout_falls_marsh, serial_swamp_ruin, hangedman_swamp_ruin_wall,
          evilmike_swamp_ruin_house_4, infiniplex_staircase_pool
Swamp:4:  nzn_swamp_witches_coven, layout_basic_swamp, swamp_pool1,
          grunt_witch_cave
Spider:1: layout_cave_pods, ebering_ghost_disaster_area,
          nicolae_spider_eight_legs
Spider:2: layout_spider_delve, nicolae_spider_circle_web
Spider:3: layout_spider_delve, gammafunk_ghost_cemetery
Spider:4: hellmonk_spider_rune_endless_swarm, spiders_nest_hornet_nest
Orc:1:    layout_diamond_mine, nicolae_volcano_entry_batcave,
          nicolae_orc_pool_cavern, elf_legates
Orc:2:    pf_orc_diabolical, layout_caves, minmay_shop_enchanted_jewellery
Vaults:1: hangedman_vaults_slice, hangedman_vaults_nodes,
          nicolae_vaults_murderbox, nicolae_vaults_big_ls, v_misc_11,
          nicolae_vaults_angled_halls, v_misc_2, hangedman_vaults_cutoff,
          vaults_dpeg_diagonal, nicolae_vaults_ring_of_whatevers,
          ontoclasm_vaults_ring_small, layout_vaults_omnibox
Vaults:2: grunt_vaults_diagonal, ontoclasm_vaults_twist,
          minmay_crypt_entry_simple_plaza, special_room_vaults
          [special_room_orc], nicolae_vaults_little_squares_4,
          ontoclasm_vaults_decontamination, ontoclasm_vaults_hangar, v_rooms_2,
          ontoclasm_vaults_ring_small, vaults_standard_mumra_lines, v_misc_4,
          v_rooms_3, vaults_mumra_chevron, v_misc_27,
          nicolae_vaults_little_squares_6, vaults_dpeg_ring,
          layout_vaults_maze_snakey, uniq_mara
Vaults:3: gammafunk_ghost_arena, v_misc_27, st_cells, v_misc_16, v_pattern_4,
          vaults_room_pools, layout_vaults_omnigrid
Vaults:4: hangedman_vaults_river_flow, nicolae_vaults_fighting_squares,
          hangedman_vaults_capsules, v_misc_2, vaults_room_door_hall, v_rooms_5,
          vaults_standard_mumra_enter_the_diamond, v_misc_8,
          nicolae_vaults_rhombus_7, vaults_room_hallway, layout_vaults_omnicross
Vaults:5
Crypt:1:  layout_gridlike, lemuel_hellish_altar, grunt_megastairs_1
Crypt:2:  lemuel_minitomb, layout_gridlike,
          lemuel_mausoleum_altar_kikubaaqudgha, roderic_lattice_octagonal_star,
          lemuel_upstairs_altar, uniq_boris, uniq_vv
Crypt:3:  cryptofortress_bobbens, uniq_margery, uniq_zenata
Tomb:1
Tomb:2
Depths:1: minmay_the_grid_triangle_9x9_line_8_mashed
          [minmay_the_grid_triangle_9x9_wacky_v,
          minmay_the_grid_triangle_9x9_pentomino_pain,
          minmay_the_grid_triangle_9x9_cache,
          minmay_the_grid_triangle_9x9_longest,
          minmay_the_grid_triangle_9x9_from_above,
          minmay_the_grid_triangle_9x9_intruding_spiral,
          minmay_the_grid_triangle_9x9_shrine,
          minmay_the_grid_triangle_9x9_prize_special], layout_gridville,
          hell_entry, nicolae_kite_square_tiling_tiny, st_stairs_11,
          minmay_acid_items
Depths:2: emtedronai_trogs_sanctum, layout_basic,
          pdpol_wu_jian_five_deadly_venoms, hell_entry, serial_shops,
          nicolae_shop_waterfront, pan_entry, infiniplex_staircase_pool_1,
          uniq_josephina
Depths:3: hangedman_slaughterboxes, abyss_entry, hell_entry, pan_entry,
          uniq_xtahua, uniq_parghit, uniq_frederick
Depths:4: grunt_twist_and_shout, layout_cave_pools, hell_entry,
          nemelex_lonely_heart_becter
Zot:1:    nicolae_zot_stationary_front, layout_basic
Zot:2:    layout_gridville, lemuel_golem_globe
Zot:3:    layout_gridville, grunt_ministairs_4, lemuel_elevator,
          grunt_megastairs_3
Zot:4:    layout_onion_interference, st_stairs_13, grunt_megastairs_5

Skill      XL: |  1  2  3  4  5  6  7  8  9 10 11 12 13 14 15 16 17 18 19 20 21 22 23 24 25 26 27 |
---------------+----------------------------------------------------------------------------------+-----
Axes           | 2 3 4 5 6 7 8 9 10 11 12 14 16 18 | 18.0
Fighting       | 4 5 7 8 9 10 11 12 13 14 16 17 18 19 21 22 23 25 | 25.7
Invocations    | 1 4 6 10 16 21 | 21.4
Dodging        | 1 2 3 5 6 7 8 9 |  9.0
Armour         | 4 7 8 9 10 11 12 14 15 17 18 19 20 22 23 | 23.8
Throwing       | 1 2 4 5 6 7 9 10 11 12 13 15 | 15.0
Shields        | 4 5 6 7 8 12 16 18 19 20 21 22 | 22.0

Action                   |  1- 3 |  4- 6 |  7- 9 | 10-12 | 13-15 | 16-18 | 19-21 | 22-24 | 25-27 || total
-------------------------+-------+-------+-------+-------+-------+-------+-------+-------+-------++-------
Melee: War axe           |   139 |   101 |   251 |   441 |   906 |  1344 |   911 |       |       ||  4093
       Demon whip        |       |       |       |       |    41 |    26 |       |       |       ||    67
       Broad axe         |       |       |       |       |       |       |   552 |  1681 |  1689 ||  3922
Throw: Boomerang         |       |       |    61 |   117 |    67 |   110 |     2 |    46 |       ||   403
       Javelin           |       |       |       |     3 |    93 |    74 |    78 |    90 |   168 ||   506
Invok: Heroism           |       |     3 |    11 |    24 |    42 |    52 |    41 |    49 |    23 ||   245
       Finesse           |       |       |       |     2 |    19 |    15 |     8 |    17 |     2 ||    63
       Cleansing Flame   |       |       |       |       |       |       |       |       |    55 ||    55
       Summon Divine War |       |       |       |       |       |       |       |       |    10 ||    10
       Brand Weapon With |       |       |       |       |       |       |       |       |     1 ||     1
  Use: Scroll            |     5 |     2 |    11 |     8 |    10 |     5 |     8 |    10 |     3 ||    62
       Potion            |     2 |     1 |     3 |       |     3 |     6 |     2 |     4 |     5 ||    26
 Stab: Invisible         |       |       |     5 |       |       |       |       |       |       ||     5
       Distracted        |       |       |       |       |       |     1 |     1 |     2 |       ||     4
Armor: Scale mail        |    19 |       |       |       |   109 |       |       |       |       ||   128
       Chain mail        |    59 |    50 |    94 |       |       |       |       |       |       ||   203
       Skin              |       |       |     1 |       |       |       |       |       |       ||     1
       Plate armour      |       |       |    33 |   183 |   325 |   485 |   446 |   303 |       ||  1775
       Gold dragon scale |       |       |       |       |       |       |       |   470 |   975 ||  1445
Dodge: Dodged            |    50 |    37 |    76 |   199 |   414 |   422 |   490 |   507 |   613 ||  2808
Block: Buckler           |    23 |    18 |    41 |    82 |   153 |       |       |       |       ||   317
       Tower shield      |       |       |       |       |   121 |  1208 |  1234 |  1371 |  1515 ||  5449
       Reflection        |       |       |       |       |       |     8 |    63 |     2 |       ||    73

Table legend:
 A = Non-vault XP
 B = Vault XP
 C = Vault XP percentage of total XP
 D = Non-vault monster count
 E = Vault monster count
 F = Vault count percentage of total count
                 A         B        C        D         E       F
            +---------+---------+-------+---------+---------+-------
      Total |  668577 |  771609 |  53.6 |    1347 |    1051 |  43.8
            +---------+---------+-------+---------+---------+-------
        D:1 |      17 |       3 |  15.0 |      13 |       2 |  13.3
        D:2 |      35 |       4 |  10.3 |      17 |       2 |  10.5
        D:3 |     128 |       0 |   0.0 |      21 |       0 |   0.0
        D:4 |     437 |     107 |  19.7 |      31 |      10 |  24.4
        D:5 |     272 |    1299 |  82.7 |      13 |      17 |  56.7
        D:6 |    1301 |       0 |   0.0 |      21 |       0 |   0.0
        D:7 |     947 |     663 |  41.2 |      23 |       1 |   4.2
        D:8 |     922 |       0 |   0.0 |      13 |       0 |   0.0
        D:9 |    4355 |    1579 |  26.6 |      32 |      39 |  54.9
       D:10 |    3115 |    4334 |  58.2 |      26 |      16 |  38.1
       D:11 |    4166 |     784 |  15.8 |      18 |       1 |   5.3
       D:12 |    4033 |    2318 |  36.5 |      21 |       7 |  25.0
       D:13 |    9485 |    6928 |  42.2 |      18 |      20 |  52.6
       D:14 |    3195 |     842 |  20.9 |       7 |       1 |  12.5
       D:15 |    6728 |    6920 |  50.7 |      18 |      10 |  35.7
     Lair:1 |   10115 |    1432 |  12.4 |      29 |       9 |  23.7
     Lair:2 |    6094 |    3323 |  35.3 |      21 |       9 |  30.0
     Lair:3 |    5505 |    1805 |  24.7 |      17 |       7 |  29.2
     Lair:4 |    8553 |       0 |   0.0 |      28 |       0 |   0.0
     Lair:5 |   12831 |   11135 |  46.5 |      39 |      35 |  47.3
    Swamp:1 |   10117 |    1356 |  11.8 |      26 |       1 |   3.7
    Swamp:2 |    9170 |       0 |   0.0 |      20 |       0 |   0.0
    Swamp:3 |   11216 |       0 |   0.0 |      18 |       0 |   0.0
    Swamp:4 |   16013 |   35869 |  69.1 |      27 |      49 |  64.5
   Spider:1 |   19586 |    3638 |  15.7 |      51 |       8 |  13.6
   Spider:2 |   21131 |       0 |   0.0 |      49 |       0 |   0.0
   Spider:3 |   18171 |       0 |   0.0 |      38 |       0 |   0.0
   Spider:4 |   18807 |   21001 |  52.8 |      36 |      42 |  53.8
      Orc:1 |    1460 |    5644 |  79.4 |      31 |      13 |  29.5
      Orc:2 |    4344 |   14976 |  77.5 |      35 |      57 |  62.0
   Vaults:1 |   21005 |   33827 |  61.7 |      34 |      46 |  57.5
   Vaults:2 |   35209 |   37940 |  51.9 |      49 |      68 |  58.1
   Vaults:3 |   28248 |   11309 |  28.6 |      47 |      14 |  23.0
   Vaults:4 |   21956 |   52976 |  70.7 |      36 |      67 |  65.0
   Vaults:5 |   22669 |   70744 |  75.7 |      28 |      57 |  67.1
    Crypt:1 |   47194 |    5145 |   9.8 |      70 |      13 |  15.7
    Crypt:2 |   16524 |   33911 |  67.2 |      26 |      43 |  62.3
    Crypt:3 |       0 |   68594 | 100.0 |       0 |     100 | 100.0
     Tomb:1 |    7635 |   99642 |  92.9 |      36 |      79 |  68.7
     Tomb:2 |   11832 |   31403 |  72.6 |      37 |      38 |  50.7
   Depths:1 |   23237 |   25321 |  52.1 |      30 |      24 |  44.4
   Depths:2 |   20344 |    5577 |  21.5 |      23 |       6 |  20.7
   Depths:3 |     298 |  120116 |  99.8 |       1 |      97 |  99.0
   Depths:4 |   36913 |   15517 |  29.6 |      38 |      15 |  28.3
      Zot:1 |   50161 |    7894 |  13.6 |      43 |       8 |  15.7
      Zot:2 |   41429 |    9907 |  19.3 |      36 |       5 |  12.2
      Zot:3 |   36450 |   10235 |  21.9 |      32 |      10 |  23.8
      Zot:4 |   35224 |    5591 |  13.7 |      24 |       5 |  17.2
            +---------+---------+-------+---------+---------+-------
